 Dungeon Crawl Stone Soup version 0.19-a0-1908-g43c011f (webtiles) character file.

688500 CypherZel the Devastator (level 27, -7/369 HPs)
             Began as a Pale Draconian Chaos Knight on Oct 19, 2016.
             Killed from afar by a yellow draconian knight (21 damage)
             ... with a bolt of cold
             ... on level 4 of the Realm of Zot on Oct 22, 2016.
             The game lasted 13:46:49 (141172 turns).

CypherZel the Devastator (DrCK)                   Turns: 141172, Time: 13:46:50

Health: -7/369     AC: 24    Str: 22 (23) XL:     27
Magic:  44/47      EV: 14    Int: 22      God:    Xom [......]
Gold:   1819       SH:  0    Dex: 14      Spells: 12 memorised, 16 levels left

rFire  . . .     SeeInvis .     (weapon currently unavailable)
rCold  . . .     Gourm    +     (armour unavailable)
rNeg   . . .     Faith    .     (shield currently unavailable)
rPois  +         Spirit   .     (helmet currently unavailable)
rElec  .         Reflect  .     (cloak currently unavailable)
rCorr  .         Harm     .     (gloves currently unavailable)
MR     ++...                    (boots currently unavailable)
Stlth  +.........               V - amulet of the gourmand
                                k - ring of poison resistance
                                N - +5 ring of protection

@: about to teleport, dragon-form, corroded, flying, very slightly contaminated,
slowed, delayed fireball, repel missiles, drained, very slow
A: breathe steam, unfitting armour, (talons 0), (camouflage 0), deterioration 1,
high mp 1, sense surroundings 2, regeneration 1, weak 1, evolution 1,
(cold-blooded), AC +13
a: Breathe Steam, Renounce Religion, Release Delayed Fireball
}: 3/15 runes: barnacled, slimy, gossamer


You were on level 4 of the Realm of Zot.
You worshipped Xom.
You were a very special plaything of Xom.
You were not hungry.
You were a fearsome dragon!
You visited 11 branches of the dungeon, and saw 54 of its levels.
You visited the Abyss 1 time.
You also visited: Labyrinth.

You collected 6441 gold pieces.
You spent 4622 gold pieces at shops.

Inventory:

Hand Weapons
 K - a +9 scimitar of freezing (melded)
Armour
 e - a +2 hat (melded)
 u - a +3 buckler of protection (melded)
 I - a +2 cloak of magic resistance (melded)
 Q - a +2 pair of gloves (melded)
 R - a +2 pair of boots of running (melded)
Jewellery
 k - a ring of poison resistance (right foreclaw)
 s - an uncursed ring of resist corrosion
 t - an uncursed ring of see invisible
 B - an uncursed ring of protection from fire
 D - an uncursed ring of protection from magic
 N - a +5 ring of protection (left foreclaw)
 V - an amulet of the gourmand (around neck)
Wands
 a - a wand of heal wounds (0/9)
 d - a wand of digging (0/24)
 l - a wand of disintegration (9/24)
 m - a wand of hasting (0/9)
 x - a wand of heal wounds (0/9)
 P - a wand of teleportation (0/9)
Scrolls
 c - a scroll of blinking
 p - 15 scrolls of remove curse
 v - 7 scrolls of amnesia
 y - 2 scrolls of silence
 H - a scroll of recharging
 J - 4 scrolls of teleportation
 S - a scroll of fear
 T - 3 scrolls of magic mapping
 W - 3 scrolls of holy word
 X - 6 scrolls of identify
Potions
 b - 5 potions of brilliance
 g - 4 potions of haste
 q - 3 potions of ambrosia
 z - a potion of cure mutation
 O - 2 potions of cancellation
 Y - 2 potions of flight
Books
 i - a book of Conjurations

   Spells                             Type                      Level
   a - Magic Dart                     Conjuration                  1
   b - Searing Ray                    Conjuration                  2
   c - Dazzling Spray                 Conjuration/Hexes            3
   d - Fulminant Prism                Conjuration/Hexes            4
   e - Iskenderun's Mystic Blast      Conjuration                  4
   f - Iskenderun's Battlesphere      Conjuration/Charms           5
 o - a book of Minor Magic

   Spells                             Type                      Level
   a - Magic Dart                     Conjuration                  1
   b - Blink                          Translocation                2
   c - Call Imp                       Summoning                    2
   d - Repel Missiles                 Charms/Air                   2
   e - Slow                           Hexes                        2
   f - Conjure Flame                  Conjuration/Fire             3
   g - Mephitic Cloud                 Conjuration/Poison/Air       3
 w - a book of Spatial Translocations

   Spells                             Type                      Level
   a - Blink                          Translocation                2
   b - Shroud of Golubria             Charms/Translocation         2
   c - Lesser Beckoning               Translocation                3
   d - Portal Projectile              Translocation                3
   e - Teleport Other                 Translocation                3
   f - Passage of Golubria            Translocation                4
 C - a book of Fire

   Spells                             Type                      Level
   a - Ignite Poison                  Fire/Transmutation/Poison    3
   b - Fireball                       Conjuration/Fire             5
   c - Bolt of Fire                   Conjuration/Fire             6
   d - Delayed Fireball               Conjuration/Fire             7
   e - Ring of Flames                 Charms/Fire                  7
Comestibles
 f - 3 fruits
 F - a meat ration
 M - 12 royal jellies
 Z - 2 bread rations


   Skills:
 - Level 20.0(19.5) Fighting
   Level 8.7(11.9) Short Blades
 - Level 14.0(14.3) Long Blades
 - Level 16.5(16.0) Dodging
 - Level 13.6(13.2) Shields
 + Level 16.4(15.9) Spellcasting
 - Level 20.7(20.1) Conjurations
 - Level 4.0(3.6) Hexes
 - Level 15.0(14.5) Charms
 - Level 10.2(9.8) Translocations
 - Level 20.4(19.8) Fire Magic


You had 16 spell levels left.
You knew the following spells:

 Your Spells              Type           Power        Failure   Level  Hunger
a - Magic Dart            Conj           ####         0%          1    None
b - Passage of Golubria   Tloc           N/A          1%          4    None
c - Iskenderun's Battles  Conj/Chrm      #######.     1%          5    ##.....
d - Dazzling Spray        Conj/Hex       ######       1%          3    None
e - Blink                 Tloc           N/A          1%          2    None
f - Repel Missiles        Chrm/Air       #####.       1%          2    None
g - Bolt of Fire          Conj/Fire      #######...   1%          6    ####...
h - Delayed Fireball      Conj/Fire      N/A          1%          7    ######.
i - Fireball              Conj/Fire      #######...   1%          5    ##.....
j - Shroud of Golubria    Chrm/Tloc      ######....   1%          2    None
k - Ring of Flames        Chrm/Fire      #######...   2%          7    ######.
l - Regeneration          Chrm/Necr      #####.....   1%          3    None


Dungeon Overview and Level Annotations

Branches:
Dungeon (15/15)            Temple (1/1) D:7            Lair (6/6) D:9
 Shoals (4/4) Lair:2       Spider (4/4) Lair:2        Slime (5/5) Lair:5
    Orc (2/2) D:12            Elf (3/3) Orc:2        Vaults (4/5) D:13
  Crypt (0/3) Vaults:3     Depths (5/5)                 Zot (5/5) Depths:5

Altars:
Ashenzari
Dithmenos
Elyvilon
Fedhas
Kikubaaqudgha
Makhleb
Nemelex Xobeh
Okawaru
Sif Muna
Trog
Vehumet
Xom
Zin
The Shining One
Beogh
Jiyva

Shops:
D:14 =(*(*   D:15 =*   Orc:2 ?([[}:!(   Shoals:3 }   Vaults:1 =   Depths:4 ?

Portals:
Hell: Depths:1 Depths:2 Depths:3 Depths:4 Depths:5
Abyss: Depths:4
Pandemonium: Depths:1 Depths:3 Depths:5
Ziggurat: Depths:5

Annotations:
D:15 Leszczynek's ghost, journeyman OgWr
Lair:6 2 runed doors
Elf:3 Leszczynek's ghost, adept OgWr


Innate Abilities, Weirdness & Mutations

You can breathe blasts of scalding, opaque steam.
Your pale cyan-grey scales are hard. (AC +13)
You cannot fit into any form of body armour.
((You are cold-blooded and may be slowed by cold attacks.))
((You have razor-sharp toenails.))
((Your skin changes colour to match your surroundings (Stealth+).))
Your body sometimes deteriorates upon taking damage.
You have an increased reservoir of magic. (+10% MP)
You passively map the area around you.
Your natural rate of healing is unusually fast.
You are weak. (Str -2)
You evolve.


Message History

Confirm with . or Enter, or press ? or * to list all spells.
Okay, then.
The white draconian closely misses you.
The white draconian rages.
The white draconian hits you with a mace of draining!
* * * LOW HITPOINT WARNING * * *
You feel drained.
* * * LOW HITPOINT WARNING * * *
You hear a roar!
Unknown command.
Casting: Blink
Confirm with . or Enter, or press ? or * to list all spells.
You blink.
A red draconian caller comes into view. It is wielding a long sword.
You feel less exhausted.
You hear some strange, mumbled words.
A bolt of cold appears from out of thin air!
The bolt of cold hits you!
You die...
Xom bursts into laughter!

.....#,**++*#.*,**#.# *,,,,,,,,,,
.....'.#,,,,#.'.* #.# *,,,,,,,,,,
.....'.#,,,,*.'.* #ยง#
#..........
.q...#q#*++**,#.###d###..........
.....#,.,q,,,,#....d..#..........
.....#.,,,..,,#....y..#.d........
.....##########....d..#..........
...................>..#.........d
.#########.###..D.....#..........
.# #............#.......... .#
#####........########### .#
#........# .# #........# .#
#........# ,* #........# **
#........# *,,,,,,,,*


You could see a yellow draconian, 2 draconians, a red draconian caller and a
moth of wrath.

Vanquished Creatures
  the Royal Jelly (Slime:5)
  3 juggernauts
  An ancient lich (Depths:2)
  Boris (Depths:3)
  A Killer Klown (Zot:2)
  Nikola (D:13)
  4 golden dragons
  4 liches
  12 tentacled monstrosities
  5 quicksilver dragons
  A titan (Depths:3)
  31 acid blobs
  11 death cobs
  Gastronok (D:12)
  2 sphinxes
  Polyphemus (Shoals:2)
  Agnes (Spider:2)
  A tentacled starspawn (Abyss:2)
  The ghost of HEYYEYAAE the Bludgeoner, an adept TrBe of Trog (Spider:2)
  4 shadow dragons
  4 tengu reavers
  Ilsuiw (Shoals:3)
  7 storm dragons
  19 azure jellies
  4 draconian monks
  6 fire giants
  18 vault wardens
  7 ghost moths
  Aizul (Spider:1)
  5 draconian knights
  Louise (D:15)
  4 emperor scorpions
  8 frost giants
  2 draconian scorchers
  4 draconian zealots
  The ghost of HEYYEYAAE the Bludgeoner, a journeyman TrBe of Trog (D:13)
  6 draconian annihilators
  A deep elf elementalist (Depths:4)
  3 draconian shifters
  A reaper (Depths:5)
  18 stone giants
  A juggernaut skeleton (Depths:3)
  A spriggan defender (Depths:5)
  18 ironheart preservers
  41 very ugly things
  6 draconian callers
  An entropy weaver (Spider:1)
  A lorocyproca (Depths:4)
  6 green draconians
  4 black draconians
  A deep elf demonologist (Elf:2)
  8 mottled draconians
  3 vampire knights
  8 red draconians
  7 yellow draconians
  A dire elephant (Depths:5)
  12 spark wasps
  4 purple draconians
  7 white draconians
  An eidolon (Depths:1)
  An ettin (shapeshifter) (Vaults:4)
  3 deep elf death magi
  A minotaur (Spider:4)
  26 ettins
  6 merfolk javelineers
  13 fire dragons
  13 death oozes
  15 yaktaur captains
  3 jiangshi (Depths:2)
  The ghost of Capuchin the Carver, a journeyman MiFi of Okawaru (Lair:1)
  13 great orbs of eyes
  2 deep elf high priests (Depths:4)
  The ghost of Philosophy the Cleaver, a journeyman GrBe of Trog (Lair:4)
  15 vault guards
  9 merfolk impalers
  4 rakshasas
  A hydra (shapeshifter) (Spider:2)
  A ghost crab (shapeshifter) (D:12)
  2 hell beasts
  A monstrous demonspawn (Depths:4)
  10 ice dragons
  5 catoblepae
  5 spriggan air magi
  16 centaur warriors
  2 death knights
  12 hydras
  8 merfolk avatars
  22 ogre magi
  20 death yaks
  A catoblepas (shapeshifter) (Shoals:4)
  An alligator (shapeshifter) (Lair:2)
  4 satyrs
  4 tengu warriors
  4 vampire magi
  13 deep troll earth magi
  22 dancing weapons
  4 merfolk aquamancers
  11 deep troll shamans
  A queen ant (Zot:1)
  A thrashing horror (Abyss:2)
  Urug (D:11)
  7 spriggan berserkers
  11 hell knights
  Nergalle (D:11)
  26 deep elf knights
  6 iron trolls
  A sixfirhy (Abyss:2)
  7 skeletal warriors
  2 wretched stars (Abyss:2)
  A spark wasp zombie (Depths:3)
  A fire crab (Lair:6)
  3 shadow wraiths
  A titan skeleton (Vaults:4)
  2 death drakes (Depths:2)
  13 sea snakes
  A spatial maelstrom (Abyss:2)
  2 spectral anacondas (Depths:2)
  2 spectral hydras
  9 flayed ghosts
  12 ironbrand convokers
  An unseen horror (shapeshifter) (Vaults:2)
  4 wizards
  33 deep trolls
  15 deep elf archers
  8 glowing orange brains
  9 hill giants
  2 infernal demonspawn (Depths:4)
  A tengu zombie (Vaults:1)
  5 unseen horrors
  A spectral minotaur (Depths:1)
  17 harpies
  2 orange crystal statues (Depths:2)
  38 wolf spiders
  7 necromancers
  6 phantasmal warriors
  A mana viper (shapeshifter) (Spider:2)
  13 orc knights
  2 golden dragon skeletons (Depths:1)
  64 ugly things
  23 orb spiders
  A wolf spider zombie (D:13)
  11 oklob plants (Zot:3)
  A shadow dragon skeleton (Vaults:4)
  11 manticores
  5 shining eyes
  11 cyclopes
  52 deep elf magi
  2 mana vipers (Depths:2)
  A sphinx skeleton (Depths:2)
  11 fauns
  10 orc sorcerers
  3 fire giant zombies
  17 moths of wrath
  A guardian serpent (shapeshifter) (Depths:3)
  Maurice (D:12)
  13 sirens
  A rust devil (Depths:4)
  A worldbinder (Abyss:2)
  A black mamba (shapeshifter) (Vaults:3)
  7 black mambas
  6 elephants
  4 torpor snails
  A smoke demon (Abyss:2)
  12 vault sentinels
  6 water nymphs
  A molten gargoyle (Lair:6)
  4 gargoyles
  2 eyes of devastation
  A spiny frog (shapeshifter) (Vaults:3)
  5 centaur skeletons
  15 komodo dragons
  16 spiny frogs
  12 demonic crawlers
  An elf skeleton (Depths:1)
  3 kobold demonologists
  81 yaktaurs
  A rime drake (Lair:5)
  9 freezing wraiths
  3 tengu conjurers
  2 ice devils
  2 spectral merfolk (Depths:2)
  A red devil (Depths:3)
  2 ancient zymes (Abyss:2)
  A meliai (shapeshifter) (Vaults:2)
  4 trolls
  A merfolk (shapeshifter) (Depths:2)
  A troll (shapeshifter) (Vaults:4)
  A polar bear (shapeshifter) (Depths:4)
  25 merfolk
  3 polar bears
  28 two-headed ogres
  43 jumping spiders
  A wind drake (shapeshifter) (Vaults:3)
  13 hornets
  4 wind drakes
  2 meliai zombies
  A tengu simulacrum (Depths:3)
  21 blink frogs
  3 raiju
  3 human simulacra (Vaults:1)
  10 snapping turtles
  A harpy skeleton (D:14)
  118 slime creatures
  A snapping turtle (shapeshifter) (D:7)
  An ettin zombie (Depths:1)
  7 hippogriffs
  An ice dragon zombie (Depths:1)
  A dream sheep (shapeshifter) (Depths:1)
  2 dream sheep (Shoals:1)
  A centaur simulacrum (D:15)
  72 redbacks
  27 water elementals
  2 spriggans (shapeshifter)
  9 spriggans
  3 air elementals
  2 spriggan skeletons (Depths:1)
  3 flying skulls (Abyss:2)
  5 shadows
  A tarantella (shapeshifter) (D:13)
  51 yaks
  4 vampires
  A ynoxinul (Abyss:2)
  11 wraiths
  17 humans
  32 tarantellas
  9 basilisks
  A basilisk (shapeshifter) (Vaults:1)
  8 wyverns
  A hungry ghost (D:15)
  4 golden eyes
  A neqoxec (Abyss:2)
  5 fire elementals
  2 hogs (shapeshifter) (Depths:3)
  A steam dragon (D:15)
  7 mottled dragons
  A yaktaur simulacrum (Vaults:1)
  A naga (shapeshifter) (Vaults:1)
  4 vampire mosquitoes
  The ghost of dobroeutro the Bolt Thrower, an amateur KoHu (D:3)
  A warg (shapeshifter) (Elf:1)
  3 soldier ants
  14 wargs
  10 hell hounds
  18 water moccasins
  A hydra simulacrum (Depths:2)
  3 floating eyes
  2 large abominations (Abyss:2)
  A porcupine (shapeshifter) (Vaults:1)
  8 porcupines
  3 spectral trolls
  A swamp drake (shapeshifter) (Depths:3)
  6 spectral spriggans
  A swamp drake (Depths:2)
  A hornet zombie (D:12)
  4 ice beasts
  33 orc warriors
  4 slaves
  4 eyes of draining
  A black bear (shapeshifter) (Depths:5)
  2 necrophages
  A phantom (D:10)
  An ogre (shapeshifter) (Vaults:3)
  2 sky beasts
  An ettin simulacrum (Vaults:1)
  67 ogres
  32 centaurs
  7 boggarts
  30 wolves
  A wolf (shapeshifter) (Vaults:2)
  A crocodile (shapeshifter) (D:7)
  14 crocodiles
  2 big kobolds
  2 big kobolds (shapeshifter)
  32 bullfrogs
  3 wyvern zombies
  2 glowing shapeshifter simulacra
  A merfolk simulacrum (Depths:2)
  3 earth elementals
  3 small abominations (Abyss:2)
  A spectral ogre (Depths:2)
  6 scorpions
  Dowan (D:5)
  2 wyvern skeletons
  27 killer bees
  A spectral naga (Depths:2)
  11 wights
  A howler monkey (shapeshifter) (Spider:4)
  2 tengu skeletons
  A spectral centaur (Depths:2)
  6 howler monkeys
  2 electric eels
  11 crimson imps
  3 bullfrog zombies
  12 starcursed masses (Abyss:2)
  8 hounds
  A lava snake (Lair:6)
  A quasit (D:11)
  8 centaur zombies
  8 bullfrog skeletons
  7 jellies
  22 orc priests
  Jessica (D:2)
  5 iguanas
  A worker ant (shapeshifter) (D:5)
  24 worker ants
  52 orc wizards
  A troll simulacrum (Depths:2)
  A worker ant zombie (D:6)
  Robin (D:2)
  7 gnolls (D:4)
  2 howler monkey zombies (D:9)
  13 adders
  9 shadow imps
  2 white imps
  3 ufetubi
  An ooze (D:1)
  An adder zombie (D:5)
  3 adder skeletons
  5 worms
  4 dart slugs
  8 leopard geckos
  112 orcs
  5 giant cockroaches
  16 goblins
  11 hobgoblins
  15 jackals
  7 quokkas
  8 bats
  8 frilled lizards
  A jackal skeleton (D:4)
  12 kobolds
  A leopard gecko zombie (D:6)
  3 quokka skeletons
  7 rats
  5 bushes (Zot:3)
  2 fire vortices (Depths:3)
  8 fungi
  17 plants
  2 starspawn tentacles (Abyss:2)
2784 creatures vanquished.

Vanquished Creatures (collateral kills)
  A tengu reaver (Depths:3)
  A very ugly thing (Vaults:4)
  2 rakshasas
  A merfolk aquamancer (Shoals:3)
  2 dancing weapons (Elf:2)
  A death yak (Lair:4)
  A sea snake (Shoals:3)
  A flayed ghost (Vaults:3)
  A deep elf archer (Vaults:3)
  2 deep elf magi (Vaults:3)
  An ugly thing (Depths:1)
  An orc sorcerer (Orc:2)
  An elephant (Lair:5)
  A water nymph (Shoals:3)
  Joseph (D:7)
  A gargoyle (D:12)
  A meliai (shapeshifter) (Vaults:2)
  2 hornets (D:15)
  A snapping turtle (Shoals:3)
  A raiju (Abyss:2)
  A slime creature (Vaults:2)
  2 yaks
  2 water elementals (Shoals:3)
  A wyvern (Lair:2)
  3 ogres
  A necrophage (D:10)
  A centaur (D:10)
  An orc wizard (D:4)
  A leopard gecko skeleton (D:4)
  2 fungi (Lair:5)
39 creatures vanquished.

Vanquished Creatures (others)
  A tentacled starspawn (Abyss:2)
  A ghost moth (Spider:2)
  A stone giant (Depths:1)
  2 merfolk javelineers
  A yaktaur captain (Depths:3)
  2 satyrs (Shoals:4)
  3 dancing weapons
  2 deep elf knights
  3 deep elf magi
  A cyclops (D:15)
  A smoke demon (Abyss:2)
  7 yaktaurs
  A dream sheep (shapeshifter) (Depths:4)
  A slime creature (Slime:1)
  A shadow (Depths:2)
  A yak (Lair:1)
  A large abomination (Abyss:2)
  A hell hound (Lair:6)
  An ogre (Vaults:3)
  5 centaurs
  A killer bee (Lair:6)
  An orc wizard (Orc:2)
  A bush (D:15)
  A fire vortex (Elf:2)
  37 fungi
  75 plants
  2 starspawn tentacles (Abyss:2)
155 creatures vanquished.

Grand Total: 2978 creatures vanquished

Notes
Turn   | Place    | Note
-------+----------+-------------------------------------------
     0 | D:1      | CypherZel the Draconian Chaos Knight began the quest for the Orb.
     0 | D:1      | Reached XP level 1. HP: 19/19 MP: 1/1
   158 | D:1      | Reached XP level 2. HP: 26/26 MP: 2/2
   181 | D:1      | XOM: silly message
   726 | D:1      | Reached XP level 3. HP: 27/31 MP: 3/3
   842 | D:1      | XOM: cast spell 'Spider Form'
   860 | D:1      | XOM: noise
   896 | D:1      | XOM: cloud trail
  1012 | D:1      | XOM: harmless Conj miscast
  1250 | D:1      | XOM: harmless Summ miscast
  1516 | D:2      | Noticed Jessica
  1537 | D:2      | Killed Jessica
  1537 | D:2      | Reached skill level 5 in Long Blades
  1537 | D:2      | Reached XP level 4. HP: 27/38 MP: 4/4
  1707 | D:2      | XOM: smoke on damage
  1842 | D:2      | Noticed Robin
  1857 | D:2      | Killed Robin
  1873 | D:2      | Reached XP level 5. HP: 18/47 MP: 5/5
  1954 | D:1      | XOM: harmless Fire miscast
  2054 | D:1      | XOM: medium Ice miscast
  2347 | D:2      | XOM: god gift: bread ration
  2701 | D:3      | Noticed dobroeutro's ghost (amateur KoHu)
  2701 | D:3      | XOM: scenery: create altars
  2717 | D:3      | XOM: destruction
  2722 | D:3      | XOM: 7-stop teleportation journey
  2924 | D:3      | Learned a level 1 spell: Magic Dart
  2928 | D:3      | Learned a level 3 spell: Conjure Flame
  2947 | D:3      | Reached skill level 5 in Fighting
  3158 | D:3      | XOM: mild Summ miscast
  3159 | D:3      | Noticed a spatial vortex
  3180 | D:2      | XOM: summons 2 hostile shadow creatures
  3589 | D:3      | XOM: harmless Tmut miscast
  3607 | D:3      | XOM: enchant monster (good)
  3678 | D:3      | XOM: enchant monster (bad)
  3684 | D:3      | XOM: chaos cloud
  3703 | D:3      | XOM: blink monster(s)
  3706 | D:3      | Killed dobroeutro's ghost
  3706 | D:3      | Reached XP level 6. HP: 45/56 MP: 6/6
  4008 | D:4      | XOM: give mutations
  4008 | D:4      | Gained mutation: You occasionally shout uncontrollably at your foes. [Xom's mischief]
  4008 | D:4      | Gained mutation: You are frail. (-10% HP) [Xom's mischief]
  4008 | D:4      | Gained mutation: You are weak. (Str -2) [Xom's mischief]
  4008 | D:4      | Lost mutation: You are weak. (Str -2) [Xom's mischief]
  4213 | D:4      | XOM: summons 3 hostile demons
  4214 | D:4      | Noticed an orange demon
  4440 | D:4      | Found a shattered altar of Ashenzari.
  4446 | D:4      | Found a bloodstained altar of Trog.
  4448 | D:4      | Found an iron altar of Okawaru.
  4448 | D:4      | Found a deep blue altar of Sif Muna.
  4448 | D:4      | Found a white marble altar of Elyvilon.
  4448 | D:4      | Found a sparkling altar of Nemelex Xobeh.
  4451 | D:4      | Found a glowing golden altar of the Shining One.
  4452 | D:4      | Found a blossoming altar of Fedhas.
  4747 | D:4      | XOM: noise
  4986 | D:4      | XOM: cloud trail
  5136 | D:4      | XOM: summons friendly iron imp
  5150 | D:4      | Reached skill level 5 in Dodging
  5150 | D:4      | Your scales start taking on a pale cyan-grey colour.
  5150 | D:4      | Reached XP level 7. HP: 28/54 MP: 7/7
  5403 | D:4      | Reached skill level 1 in Conjurations
  5486 | D:4      | XOM: chaos upgrade
  5848 | D:4      | XOM: polymorph scorpion -> bullfrog
  5924 | D:4      | XOM: scenery: create altars
  6055 | D:4      | Reached skill level 5 in Conjurations
  6055 | D:4      | Reached XP level 8. HP: 25/61 MP: 8/8
  6069 | D:4      | XOM: swap monsters
  6248 | D:3      | XOM: give mutations
  6248 | D:3      | Gained mutation: You have sharp toenails. [Xom's grace]
  6248 | D:3      | Gained mutation: Your system is resistant to poisons. (rPois) [Xom's grace]
  6257 | D:4      | XOM: give mutations
  6257 | D:4      | Gained mutation: Your large and strong wings let you fly indefinitely. [Xom's grace]
  6257 | D:4      | Gained mutation: You are covered in fur. (AC +1) [Xom's grace]
  6257 | D:4      | Gained mutation: You can translocate small distances at will. [Xom's grace]
  6257 | D:4      | Lost mutation: You are frail. (-10% HP) [Xom's grace]
  6274 | D:4      | Reached skill level 1 in Fire Magic
  6466 | D:5      | Entered Level 5 of the Dungeon
  6759 | D:5      | Noticed Duvessa
  6772 | D:5      | Noticed Dowan
  6773 | D:5      | XOM: cleaving
  6777 | D:5      | XOM: 3-stop teleportation journey
  6799 | D:5      | XOM: summons 4 hostile demons
  7174 | D:5      | XOM: give mutations
  7174 | D:5      | Gained mutation: You are clumsy. (Dex -2) [Xom's mischief]
  7174 | D:5      | Lost mutation: You have sharp toenails. [Xom's mischief]
  7174 | D:5      | Lost mutation: You are clumsy. (Dex -2) [Xom's mischief]
  7174 | D:5      | Gained mutation: You are frail. (-10% HP) [Xom's mischief]
  7526 | D:5      | XOM: medium Chrm miscast
  7533 | D:5      | Reached skill level 5 in Fire Magic
  7576 | D:4      | XOM: give mutations
  7576 | D:4      | Gained mutation: Your mind is acute. (Int +2) [Xom's grace]
  7576 | D:4      | Gained mutation: Your flesh is heat resistant. (rF+) [Xom's grace]
  7891 | D:5      | XOM: mild Fire miscast
  8182 | D:5      | Killed Dowan
  8317 | D:5      | XOM: polymorph orc wizard -> killer bee
  8481 | D:5      | XOM: chaos cloud
  8626 | D:5      | XOM: god gift: 4 javelins of returning
  8647 | D:5      | Duvessa changed into Duvessa the worker ant
  8647 | D:5      | XOM: polymorph Duvessa -> Duvessa the worker ant
  8858 | D:5      | Found a shimmering altar of Xom.
  8863 | D:5      | Found a shimmering altar of Xom.
  9238 | D:6      | XOM: give mutations
  9238 | D:6      | Gained mutation: You are agile. (Dex +2) [Xom's grace]
  9238 | D:6      | Gained mutation: Your flesh is cold resistant. (rC+) [Xom's grace]
  9334 | D:6      | Reached XP level 9. HP: 71/71 MP: 9/9
  9417 | D:6      | XOM: give mutations
  9417 | D:6      | Gained mutation: Your muscles are strong. (Str +2) [Xom's grace]
  9417 | D:6      | Gained mutation: You have sharp toenails. [Xom's grace]
  9594 | D:6      | Identified Xom's Papyrus of the Big Bang (Xom gifted it to you on level 6 of the Dungeon)
  9594 | D:6      | XOM: god gift: Xom's Papyrus of the Big Bang
  9639 | D:6      | XOM: scenery: create altars
  9806 | D:6      | XOM: noise
  9937 | D:7      | XOM: butterfly on damage
  9940 | D:7      | Found a staircase to the Ecumenical Temple.
  9947 | Temple   | Entered the Ecumenical Temple
 10398 | D:7      | Noticed Pikel
 10407 | D:7      | XOM: potion effect (agility)
 10716 | D:7      | Noticed Joseph
 10789 | D:6      | XOM: cloud trail
 10887 | D:7      | XOM: noise
 11039 | D:7      | XOM: cleaving
 11042 | D:7      | XOM: divination: detect items
 11148 | D:6      | XOM: divination: detect items
 11150 | D:6      | XOM: confuse monster(s)
 11462 | D:7      | XOM: summons friendly ufetubus
 11464 | D:7      | XOM: give mutation
 11464 | D:7      | Gained mutation: You are resistant to hostile enchantments. (MR+) [Xom's grace]
 11469 | D:7      | Killed Joseph
 11564 | D:7      | XOM: polymorph something unseen -> leopard gecko
 11626 | D:7      | XOM: give mutations
 11626 | D:7      | Lost mutation: You are frail. (-10% HP) [Xom's grace]
 11626 | D:7      | Gained mutation: Your natural rate of healing is unusually fast. [Xom's grace]
 11703 | D:7      | XOM: 4-stop teleportation journey
 11738 | D:7      | Pikel changed into Pikel the crocodile
 12046 | D:7      | XOM: give mutations
 12046 | D:7      | Gained mutation: You have a pair of small horns on your head. [Xom's grace]
 12046 | D:7      | Gained mutation: You passively map a small area around you. [Xom's grace]
 12046 | D:7      | Gained mutation: You have a pair of horns on your head. [Xom's grace]
 12137 | D:7      | XOM: give mutations
 12137 | D:7      | Gained mutation: You heal very quickly. [Xom's grace]
 12137 | D:7      | Gained mutation: You are covered in thick fur. (AC +2) [Xom's grace]
 12137 | D:7      | Gained mutation: You regenerate. [Xom's grace]
 12204 | D:7      | XOM: give mutations
 12204 | D:7      | Lost mutation: You occasionally shout uncontrollably at your foes. [Xom's mischief]
 12204 | D:7      | Lost mutation: Your mind is acute. (Int +2) [Xom's mischief]
 12245 | D:7      | Noticed a lindwurm
 12245 | D:7      | a hippogriff changed into a lindwurm
 12256 | D:7      | a lindwurm changed into a snapping turtle
 12310 | D:7      | XOM: summons 4 hostile demons
 12311 | D:7      | Noticed a red devil
 12442 | D:6      | XOM: cast spell 'Summon Butterflies'
 12570 | D:8      | XOM: potion effect (haste)
 12575 | D:7      | Reached XP level 10. HP: 90/90 MP: 3/10
 12611 | D:7      | XOM: confuse monster(s)
 12693 | D:8      | XOM: noise
 12873 | D:8      | XOM: noise
 13001 | D:8      | XOM: medium Fire miscast
 13194 | D:8      | XOM: cloud trail
 13578 | D:8      | XOM: cloud trail
 13607 | D:8      | XOM: mild Tloc miscast
 13609 | D:8      | XOM: divination: detect items
 13705 | D:8      | Learned a level 5 spell: Iskenderun's Battlesphere
 13977 | D:9      | XOM: divination: detect creatures
 14252 | D:8      | XOM: noise
 14389 | D:9      | Found a burning altar of Makhleb.
 14454 | D:9      | XOM: medium Tloc miscast
 14471 | D:9      | Found a staircase to the Lair.
 14540 | D:9      | XOM: confuse monster(s)
 14768 | D:9      | XOM: medium Erth miscast
 14852 | D:9      | XOM: cloud trail
 15096 | Lair:1   | Entered Level 1 of the Lair of Beasts
 15105 | Lair:1   | Reached skill level 1 in Charms
 15152 | Lair:1   | XOM: noise
 15154 | Lair:1   | XOM: confuse monster(s)
 15156 | Lair:1   | Noticed a spiny frog
 15174 | D:9      | Killed a spiny frog
 15298 | Lair:1   | Found a labyrinth entrance.
 15306 | Lab      | Entered a labyrinth
 15473 | Lab      | XOM: medium Conj miscast
 15490 | Lab      | Identified the Collected Works on Flight
 15492 | Lab      | Got a pair of heavily runed boots
 15493 | Lab      | Noticed a minotaur
 15505 | Lair:1   | Identified the cursed +0 pair of boots of Oxzegoh {rPois Dex+3 Stlth+} (You found it in a labyrinth)
 15527 | Lair:1   | Noticed Capuchin's ghost (journeyman MiFi)
 15535 | Lair:1   | XOM: cleaving
 15604 | D:10     | Entered Level 10 of the Dungeon
 15643 | D:10     | XOM: 7-stop teleportation journey
 15955 | D:10     | XOM: 5-stop teleportation journey
 16403 | D:10     | Reached skill level 5 in Charms
 16407 | D:10     | Reached XP level 11. HP: 97/97 MP: 11/11
 16447 | D:10     | Noticed a hill giant
 16465 | D:10     | a hill giant changed into a slime creature
 16465 | D:10     | XOM: polymorph hill giant -> slime creature
 16470 | D:10     | XOM: cleaving
 16821 | Lair:1   | XOM: enchant monster (good)
 16845 | Lair:1   | XOM: cleaving
 16861 | Lair:1   | XOM: destruction
 16864 | Lair:1   | XOM: scenery: create altars
 16865 | Lair:1   | XOM: divination: detect creatures
 17014 | D:10     | XOM: cast spell 'Ice Form'
 17015 | D:10     | XOM: god gift: 14 gold pieces
 17017 | D:10     | XOM: scenery: create altars
 17293 | D:10     | XOM: cast spell 'Summon Mana Viper'
 17370 | D:10     | XOM: scenery: create altars
 17444 | D:11     | Reached skill level 1 in Spellcasting
 17451 | D:11     | Learned a level 3 spell: Dazzling Spray
 17473 | D:11     | Noticed Nergalle
 17485 | D:11     | Noticed a spectral orc warlord
 17486 | D:11     | Killed Nergalle
 17543 | D:11     | XOM: god gift: 62 gold pieces
 17547 | D:11     | XOM: divination: magic mapping
 17730 | D:11     | XOM: enchant monster (good)
 17901 | D:11     | XOM: cloud trail
 17907 | D:11     | XOM: polymorph queen bee -> shapeshifter
 17908 | D:11     | Noticed an orb spider
 17908 | D:11     | a shapeshifter changed into an orb spider
 17913 | D:11     | an orb spider changed into a spriggan
 17927 | D:11     | XOM: 3-stop teleportation journey
 18075 | D:11     | Noticed a green ugly thing
 18076 | D:11     | Noticed Urug
 18085 | D:11     | Noticed a hill giant
 18085 | D:11     | XOM: noise
 18148 | Lair:1   | XOM: summons 4 friendly demons
 18190 | D:9      | XOM: mild Chrm miscast
 18280 | D:10     | Noticed a hill giant
 18306 | D:10     | Killed a hill giant
 18508 | D:11     | Reached skill level 10 in Fighting
 18847 | D:11     | XOM: cast spell 'Confusing Touch'
 18856 | D:11     | Killed Urug
 18928 | D:11     | Noticed a green ugly thing
 18939 | D:11     | XOM: cast spell 'Shadow Creatures'
 19294 | D:11     | Noticed a six-headed hydra
 19305 | D:11     | Killed a six-headed hydra
 19377 | D:11     | XOM: summons friendly chaos spawn
 19552 | D:11     | XOM: god gift: shimmering ivory ring {god gift}
 19555 | D:11     | Got a shimmering ivory ring {god gift}
 19557 | D:11     | Identified the ring of Departure {MR+ Stlth+} (Xom gifted it to you on level 11 of the Dungeon)
 19694 | Lair:1   | XOM: summons friendly ufetubus
 19819 | Lair:1   | XOM: fake destruction
 19871 | Lair:1   | XOM: confuse monster(s)
 19879 | Lair:1   | XOM: enchant monster (good)
 19884 | Lair:1   | Killed Capuchin's ghost
 19884 | Lair:1   | Reached XP level 12. HP: 110/110 MP: 13/13
 20203 | Lair:1   | XOM: god gift: scroll labeled VATIGA QECHI {god gift}
 20220 | Lair:1   | Identified a scroll of acquirement
 20251 | Lair:1   | XOM: god gift: 43 gold pieces
 20256 | Lair:1   | XOM: 5-stop teleportation journey
 20363 | Lair:1   | XOM: harmless Chrm miscast
 20657 | Lair:1   | XOM: divine lightning
 20709 | Lair:1   | Learned a level 4 spell: Iskenderun's Mystic Blast
 20998 | Lair:1   | XOM: mild Summ miscast
 21241 | Lair:2   | Found a hole to the Spider Nest.
 21392 | Lair:2   | XOM: divination: detect items
 21715 | Lair:1   | XOM is BORED!
 21715 | Lair:1   | XOM: mild Divn miscast
 21753 | Lair:2   | XOM: confuse monster(s)
 21949 | Lair:2   | XOM: god gift: worn silver wand {god gift}
 22083 | Lair:2   | XOM: divination: detect items
 22123 | Lair:2   | XOM: scenery: create altars
 22177 | Lair:2   | Found a staircase to the Shoals.
 22229 | Lair:2   | XOM: summons friendly iron imp
 22484 | Lair:2   | XOM: harmless Necr miscast
 22992 | Lair:3   | XOM: potion effect (heal wounds)
 23005 | Lair:2   | XOM: cast spell 'Spider Form'
 23037 | Lair:2   | Learned a level 2 spell: Repel Missiles
 23130 | Lair:2   | XOM: harmless Summ miscast
 23399 | Lair:3   | XOM is BORED!
 23746 | Lair:3   | XOM: enchant monster (bad)
 23751 | Lair:3   | Reached skill level 10 in Conjurations
 23857 | Lair:3   | Noticed a death yak
 23857 | Lair:3   | Noticed a death yak
 23973 | Lair:2   | XOM: divination: detect creatures
 23982 | Lair:2   | Killed a death yak
 24010 | Lair:2   | XOM: harmless Air miscast
 24121 | Lair:2   | a death yak changed into something unseen
 24121 | Lair:2   | XOM: polymorph death yak -> something unseen
 24123 | Lair:2   | Noticed a ghost moth
 24124 | Lair:2   | XOM: cleaving
 24124 | Lair:2   | Noticed an ice dragon
 24124 | Lair:2   | a ghost moth changed into an ice dragon
 24141 | Lair:2   | XOM: noise
 24154 | Lair:2   | XOM: summons friendly white imp
 24161 | Lair:2   | XOM: destruction
 24170 | Lair:2   | XOM: divine lightning (protected)
 24193 | Lair:2   | Noticed an alligator
 24193 | Lair:2   | an ice dragon changed into an alligator
 24198 | Lair:2   | Killed an alligator
 24230 | Lair:2   | XOM: give mutation
 24230 | Lair:2   | Gained mutation: You have a pair of large horns on your head. [Xom's grace]
 24565 | Lair:4   | Noticed Philosophy's ghost (journeyman GrBe)
 24566 | Lair:4   | Upgraded the game from 0.19-a0-1899-g2d93087 to 0.19-a0-1907-gcff654f
 24637 | Lair:3   | XOM: god gift: 11 royal jellies
 24854 | Lair:4   | XOM: potion effect (invisibility)
 24892 | Lair:4   | XOM is BORED!
 24892 | Lair:4   | XOM: medium Conj miscast
 24923 | Lair:4   | XOM: scenery: create altars
 25055 | Lair:4   | XOM: god gift: small silver ring {god gift}
 25170 | Lair:4   | XOM: cast spell 'Statue Form'
 25176 | Lair:4   | XOM: polymorph spiny frog -> human
 25205 | Lair:4   | Reached XP level 13. HP: 118/118 MP: 19/19
 25300 | Lair:3   | Noticed an entropy weaver
 25300 | Lair:3   | a five-headed hydra changed into an entropy weaver
 25300 | Lair:3   | XOM: polymorph five-headed hydra -> entropy weaver
 25380 | Lair:2   | XOM: scenery: create altars
 25397 | Lair:2   | XOM: cast spell 'Summon Butterflies'
 25563 | Lair:4   | XOM: enchant monster (good)
 25569 | Lair:4   | XOM: 1-stop teleportation journey
 25593 | Lair:4   | XOM: scenery: create altars
 25594 | Lair:4   | XOM: confuse monster(s)
 25688 | Lair:4   | XOM: fog
 25691 | Lair:4   | XOM: confuse monster(s)
 25693 | Lair:4   | XOM: scenery: create altars
 26125 | Lair:4   | XOM: god gift: scroll labeled BYOFUTO XOIR {god gift}
 26127 | Lair:4   | XOM: give mutation
 26127 | Lair:4   | Gained mutation: Your spells are a little harder to cast, but a little more powerful. [Xom's grace]
 26170 | Lair:4   | XOM: potion effect (curing)
 26177 | Lair:4   | Killed Philosophy's ghost
 26323 | Lair:4   | XOM: destruction
 26465 | Lair:3   | XOM: give mutation
 26465 | Lair:3   | Gained mutation: You are highly resistant to hostile enchantments. (MR++) [Xom's grace]
 26511 | Lair:3   | XOM: 1-stop teleportation journey
 26518 | Lair:3   | XOM: confuse monster(s)
 26570 | Lair:3   | XOM: cast spell 'Call Canine Familiar'
 26571 | Lair:3   | XOM: divination: magic mapping
 26656 | Lair:3   | XOM: harmless Hex miscast
 26711 | Lair:3   | XOM: cloud trail
 26712 | Lair:3   | Reached skill level 10 in Dodging
 27026 | Lair:4   | XOM: harmless Necr miscast
 27049 | Lair:4   | XOM: summons 10 friendly demons
 27052 | Lair:4   | XOM: cast spell 'Summon Mana Viper'
 27348 | Lair:3   | XOM: cloud trail
 27375 | Lair:3   | XOM: summons friendly shadow imp
 27388 | Lair:3   | XOM: god gift: 3 needles of sleeping
 27597 | Lair:4   | XOM: cast spell 'Alistair's Intoxication'
 27767 | Lair:4   | XOM: give mutations
 27767 | Lair:4   | Gained mutation: You are somewhat resistant to further mutation. [Xom's grace]
 27767 | Lair:4   | Gained mutation: You have sharp fingernails. [Xom's grace]
 27913 | Lair:4   | XOM: potion effect (brilliance)
 28076 | Lair:5   | XOM: scenery: create altars
 28329 | Lair:5   | Found a staircase to the Slime Pits.
 28329 | Lair:5   | XOM: 5-stop teleportation journey
 28349 | Lair:4   | XOM: smoke on damage
 28433 | Lair:4   | XOM: fog
 28639 | Lair:5   | XOM: 1-stop teleportation journey
 28836 | Lair:5   | XOM: summons 12 friendly demons
 28842 | Lair:5   | XOM: stat loss: -1 Dex (14/15)
 28932 | Lair:4   | XOM: give mutations
 28932 | Lair:4   | Lost mutation: Your spells are a little harder to cast, but a little more powerful. [Xom's mischief]
 28932 | Lair:4   | Lost mutation: Your flesh is cold resistant. (rC+) [Xom's mischief]
 29000 | Lair:4   | XOM: give mutation
 29000 | Lair:4   | Lost mutation: You are somewhat resistant to further mutation. [Xom's mischief]
 29004 | Lair:4   | XOM: medium Hex miscast
 29049 | Lair:4   | XOM: summons 4 hostile demons
 29265 | Lair:5   | XOM: enchant monster (good)
 29432 | Lair:5   | XOM: enchant monster (bad)
 29433 | Lair:4   | XOM: swap monsters
 29585 | Lair:5   | XOM is BORED!
 29585 | Lair:5   | XOM: summons 6 hostile demons
 29740 | Lair:5   | XOM: medium Necr miscast
 30005 | Lair:5   | XOM: mild Erth miscast
 30107 | Lair:5   | XOM: 3-stop teleportation journey
 30192 | Lair:5   | XOM: swap monsters
 30219 | Lair:4   | XOM: enchant monster (bad)
 30392 | Lair:5   | XOM: summons friendly crimson imp
 30509 | Lair:4   | XOM: harmless Conj miscast
 30663 | Lair:4   | XOM: silly message
 30869 | Lair:5   | XOM: draining
 30872 | Lair:5   | XOM: enchant monster (good)
 30895 | Lair:5   | XOM: summons 5 hostile demons
 31518 | Lair:4   | Identified Xom's Volume of Synchronized Stabbing (Xom gifted it to you on level 4 of the Lair of Beasts)
 31518 | Lair:4   | XOM: god gift: Xom's Volume of Synchronized Stabbing
 31563 | Lair:5   | XOM: fog
 31581 | Lair:4   | Reached XP level 14. HP: 129/129 MP: 8/20
 31684 | Lair:5   | XOM: potion effect (agility)
 31696 | Lair:5   | XOM: summons 14 friendly demons
 31699 | Lair:4   | XOM: destruction
 31981 | Lair:6   | Entered Level 6 of the Lair of Beasts
 31990 | Lair:6   | XOM: summons 2 friendly demons
 32253 | Lair:6   | XOM: summons friendly quasit
 32264 | Lair:6   | XOM: cast spell 'Cause Fear'
 32268 | Lair:6   | XOM: confuse monster(s)
 32337 | Lair:5   | XOM: destruction
 32472 | Lair:6   | XOM: harmless Necr miscast
 32605 | Lair:6   | XOM: summons friendly iron imp
 32693 | Lair:6   | XOM: confuse monster(s)
 32694 | Lair:6   | XOM: give mutations
 32694 | Lair:6   | Lost mutation: You are agile. (Dex +2) [Xom's mischief]
 32694 | Lair:6   | Lost mutation: You have a pair of large horns on your head. [Xom's mischief]
 32694 | Lair:6   | Lost mutation: You regenerate. [Xom's mischief]
 32694 | Lair:6   | Lost mutation: You passively map a small area around you. [Xom's mischief]
 32728 | Lair:6   | Found a large runed door.
 32729 | Lair:6   | Found a large runed door.
 32736 | Lair:6   | XOM: polymorph lava snake -> killer bee
 32738 | Lair:6   | XOM: enchant monster (bad)
 33053 | Lair:6   | XOM: 1-stop teleportation journey
 33061 | Lair:6   | XOM: confuse monster(s)
 33064 | Lair:6   | XOM: divination: magic mapping
 33103 | Lair:6   | XOM: mild Tmut miscast
 33135 | Lair:6   | XOM: harmless Hex miscast
 33239 | Lair:6   | XOM: noise
 33320 | Lair:6   | XOM: swap monsters
 33336 | Lair:6   | XOM: noise
 33344 | Lair:5   | XOM: noise
 33348 | Lair:5   | XOM: summons friendly orange demon
 33350 | Lair:5   | XOM: scenery: create altars
 33590 | Lair:6   | XOM: give mutations
 33590 | Lair:6   | Gained mutation: You are somewhat resistant to further mutation. [Xom's grace]
 33590 | Lair:6   | Gained mutation: You have razor-sharp toenails. [Xom's grace]
 33590 | Lair:6   | Gained mutation: You passively map a small area around you. [Xom's grace]
 33590 | Lair:6   | Gained mutation: You have claws for feet. [Xom's grace]
 33842 | Lair:6   | XOM: confuse monster(s)
 33886 | Lair:6   | XOM: medium Hex miscast
 34118 | Lair:6   | Reached skill level 15 in Fighting
 34161 | Lair:6   | XOM: cast spell 'Hydra Form'
 34566 | Lair:6   | XOM: mild Tmut miscast
 34600 | Lair:6   | XOM: mild Divn miscast
 34898 | Lair:6   | XOM: fake destruction
 35003 | Lair:4   | XOM: noise
 35116 | D:10     | XOM: divination: magic mapping
 35375 | D:12     | XOM: medium Hex miscast
 35660 | D:12     | XOM: medium Tmut miscast
 35686 | D:12     | Found a staircase to the Orcish Mines.
 36081 | D:12     | Noticed Maurice
 36089 | D:12     | Killed Maurice
 36283 | D:12     | Noticed Gastronok
 36288 | D:12     | XOM: harmless Summ miscast
 36294 | D:12     | Killed Gastronok
 36347 | D:12     | XOM: mild Conj miscast
 36527 | D:12     | XOM: noise
 36558 | D:12     | XOM: harmless Chrm miscast
 36727 | Orc:1    | Entered Level 1 of the Orcish Mines
 36817 | D:12     | XOM: scenery: 1 doors close
 37181 | Orc:1    | XOM: swap monsters
 37187 | Orc:1    | XOM: enchant monster (good)
 37375 | Orc:1    | XOM: fog
 37559 | Orc:2    | Entered Level 2 of the Orcish Mines
 37584 | Orc:2    | Found a staircase to the Elven Halls.
 37605 | Orc:2    | Found Eckenitz's Magic Scroll Shoppe.
 37618 | Orc:1    | XOM: scenery: create altars
 37650 | Orc:2    | Found Kyigat Kaaq's Armour Boutique.
 37657 | Orc:2    | Found Suof's Weapon Shop.
 37726 | Orc:2    | Found Ziunug's Armour Shop.
 37853 | Orc:2    | Bought a +1 buckler of protection for 264 gold pieces
 37867 | Orc:2    | XOM: scenery: create altars
 37871 | Orc:2    | XOM: god gift: meat ration
 37878 | Orc:2    | XOM: scenery: create altars
 38003 | Orc:2    | Reached XP level 15. HP: 141/141 MP: 11/21
 38602 | Orc:2    | Found Elyturph's Gadget Shoppe.
 38618 | Orc:2    | XOM: god gift: bone wand {god gift}
 38695 | Orc:2    | Found a radiant altar of Vehumet.
 38815 | Orc:2    | XOM: fog
 38978 | Orc:2    | Found Emymenk's Distillery.
 39031 | Orc:2    | Found an ancient bone altar of Kikubaaqudgha.
 39109 | Orc:2    | Found Syqydghu's Book Emporium.
 39122 | Orc:2    | Bought a book of Fire for 780 gold pieces
 39125 | Orc:2    | XOM: summons friendly white imp
 39145 | Orc:2    | XOM: enchant monster (bad)
 39266 | Orc:2    | Found a roughly hewn altar of Beogh.
 39268 | Orc:2    | Found Bireugy's Antique Weapon Shoppe.
 39399 | Orc:2    | XOM: mild Tloc miscast
 39484 | Orc:2    | XOM: mild Pois miscast
 39502 | Orc:2    | Bought a scroll of acquirement for 832 gold pieces
 39612 | D:13     | Found a gate to the Vaults.
 39637 | D:12     | XOM: chaos upgrade
 39639 | D:12     | Reached skill level 1 in Short Blades
 39640 | D:12     | XOM: mild Conj miscast
 39678 | D:12     | XOM: give mutation
 39678 | D:12     | Lost mutation: You are covered in thick fur. (AC +2) [Xom's mischief]
 39782 | D:12     | XOM: harmless Hex miscast
 39799 | D:12     | XOM: enchant monster (bad)
 40109 | D:13     | Noticed HEYYEYAAE's ghost (journeyman TrBe)
 40732 | D:13     | Reached skill level 5 in Short Blades
 40844 | D:13     | XOM: mild Necr miscast
 40870 | D:13     | XOM: 1-stop teleportation journey
 40874 | D:13     | XOM: enchant monster (bad)
 40888 | D:13     | XOM: scenery: create altars
 40962 | D:12     | XOM is BORED!
 40962 | D:12     | XOM: medium Divn miscast
 41263 | D:13     | XOM: divination: magic mapping
 41274 | D:13     | XOM: potion effect (haste)
 41550 | D:13     | XOM: scenery: create altars
 41905 | D:13     | XOM: polymorph centaur warrior -> deep troll
 42005 | D:13     | XOM: fake destruction
 42063 | D:13     | XOM: potion effect (invisibility)
 42243 | D:13     | XOM: divination: magic mapping
 42294 | D:13     | XOM: harmless Pois miscast
 42418 | D:12     | XOM: scenery: 3 doors close
 42454 | D:13     | XOM: silly message
 42524 | D:13     | Found a blossoming altar of Fedhas.
 42601 | D:13     | XOM: polymorph soldier ant -> black mamba
 42764 | D:13     | XOM: scenery: create altars
 42851 | D:13     | Found a large runed door.
 42852 | D:13     | Found a large runed door.
 42943 | D:13     | XOM: noise
 42961 | D:13     | XOM: divination: detect items
 42967 | D:13     | XOM: potion effect (magic)
 42974 | D:13     | XOM: potion effect (brilliance)
 42981 | D:13     | XOM: smoke on damage
 42982 | D:13     | XOM: enchant monster (good)
 42988 | D:13     | XOM: summons friendly white imp
 43003 | D:13     | XOM: cast spell 'Call Canine Familiar'
 43209 | D:13     | XOM: polymorph komodo dragon -> moth of wrath
 43334 | D:13     | XOM: stat loss: -1 Int (15/16)
 43456 | D:13     | XOM: summons friendly iron imp
 43601 | D:13     | Reached skill level 5 in Spellcasting
 43628 | D:13     | XOM: medium Ice miscast
 43818 | D:13     | XOM: summons friendly shadow imp
 43823 | D:13     | XOM: harmless Air miscast
 43828 | D:13     | Got a bound turquoise ring
 43832 | D:13     | XOM: draining
 43841 | D:13     | XOM: divination: detect items
 43856 | D:13     | XOM: cleaving
 43867 | D:13     | XOM: harmless Summ miscast
 43943 | D:13     | Killed HEYYEYAAE's ghost
 43957 | D:13     | XOM: stat loss: -1 Dex (17/18)
 44026 | D:13     | Learned a level 6 spell: Bolt of Fire
 44041 | D:13     | XOM: polymorph yak -> komodo dragon
 44078 | D:13     | XOM: swap monsters
 44270 | D:13     | XOM: scenery: create altars
 44273 | D:13     | XOM: mild Hex miscast
 44307 | D:13     | XOM: stat loss: -1 Str (16/17)
 44376 | D:13     | Found an ancient bone altar of Kikubaaqudgha.
 44509 | D:13     | XOM: summons 2 hostile shadow creatures
 44625 | D:13     | Found a shadowy altar of Dithmenos.
 44774 | D:13     | XOM: give mutations
 44774 | D:13     | Lost mutation: You can translocate small distances at will. [Xom's mischief]
 44962 | D:13     | XOM: mild Pois miscast
 44998 | D:13     | XOM: divination: detect creatures
 45027 | D:12     | Learned a level 2 spell: Blink
 45173 | D:14     | XOM: divination: detect creatures
 45413 | D:12     | XOM: god gift: scroll labeled BYTEIPYILE {god gift}
 45531 | D:14     | Found Toamixt's Assorted Antiques.
 45533 | D:14     | Identified the ring "Taxkun" {+Blink rPois rF+ rN++ Dex-3} (You found it on level 13 of the Dungeon)
 45545 | D:14     | Bought a scroll of enchant weapon for 247 gold pieces
 45545 | D:14     | Bought a scroll of teleportation for 99 gold pieces
 45753 | D:14     | XOM: polymorph slime creature -> water nymph
 45768 | D:14     | Reached skill level 1 in Shields
 45813 | D:14     | Learned a level 4 spell: Iskenderun's Mystic Blast
 45854 | D:14     | XOM: god gift: 24 gold pieces
 46013 | D:14     | XOM is BORED!
 46013 | D:14     | XOM: confusion
 46081 | D:14     | XOM: destruction
 46160 | D:14     | XOM: scenery: create altars
 46161 | D:14     | Found Xoraruci's Antique Weapon Shoppe.
 46409 | D:14     | Found a glowing silver altar of Zin.
 46425 | D:14     | Found Qonte's Assorted Antiques.
 46444 | D:14     | XOM: enchant monster (good)
 46454 | D:14     | XOM: cleaving
 46455 | D:14     | XOM: cast spell 'Summon Hydra'
 46462 | D:14     | Reached XP level 16. HP: 149/149 MP: 4/24
 46724 | D:14     | Found Gefawiem's Weapon Shop.
 46915 | D:14     | Found Duaxtaw's Jewellery Boutique.
 46956 | D:15     | Entered Level 15 of the Dungeon
 47111 | D:15     | Found Asyaxt's Jewellery Boutique.
 47111 | D:15     | XOM: 4-stop teleportation journey
 47114 | D:15     | Noticed Leszczynek's ghost (journeyman OgWr)
 47241 | D:14     | XOM: give mutations
 47241 | D:14     | Gained mutation: Your tail ends in a poisonous barb. [Xom's grace]
 47241 | D:14     | Gained mutation: Your tail ends in a sharp poisonous barb. [Xom's grace]
 47241 | D:14     | Gained mutation: Your tail ends in a wickedly sharp and poisonous barb. [Xom's grace]
 47290 | D:15     | Noticed Louise
 47331 | D:15     | Killed Louise
 47437 | D:15     | XOM: medium Pois miscast
 47510 | D:15     | XOM: divination: detect items
 47579 | D:15     | Found a deep blue altar of Sif Muna.
 47762 | D:15     | XOM: scenery: create altars
 47842 | D:15     | XOM: medium Fire miscast
 47878 | D:15     | XOM: 1-stop teleportation journey
 47959 | D:15     | XOM is BORED!
 47959 | D:15     | XOM: medium Fire miscast
 48045 | D:15     | XOM: harmless Tmut miscast
 48094 | D:15     | Found a staircase to the Depths.
 48272 | D:15     | XOM: confusion (+ monsters)
 48284 | D:15     | XOM: harmless Summ miscast
 48286 | D:15     | XOM: scenery: create altars
 48287 | D:14     | XOM: swap monsters
 48296 | D:14     | XOM: smoke on damage
 48385 | D:14     | XOM: harmless Tmut miscast
 48489 | D:15     | XOM: swap monsters
 48572 | D:15     | Found Coap's General Store.
 48582 | D:15     | XOM is BORED!
 48582 | D:15     | XOM: mild Air miscast
 48692 | D:15     | XOM: noise
 48704 | D:15     | XOM: confusion (+ monsters)
 49041 | D:15     | XOM: noise
 49046 | D:15     | XOM: potion effect (experience)
 49046 | D:15     | Reached skill level 10 in Fire Magic
 49046 | D:15     | Reached XP level 17. HP: 156/156 MP: 15/25
 49104 | D:15     | XOM: silly message
 49106 | D:15     | XOM: divination: detect items
 49278 | D:15     | XOM: mild Tmut miscast
 49427 | D:12     | XOM: medium Tloc miscast
 49510 | D:9      | XOM: confusion
 49584 | Spider:1 | Entered Level 1 of the Spider Nest
 49698 | Spider:1 | Reached skill level 1 in Translocations
 49698 | Spider:1 | XOM: confusion
 49786 | Spider:1 | Noticed Aizul
 49804 | Spider:1 | XOM: smoke on damage
 49831 | Spider:1 | Killed Aizul
 49962 | Spider:1 | XOM: harmless Chrm miscast
 50362 | Spider:1 | XOM: silly message
 50898 | Spider:1 | XOM: enchant monster (good)
 51115 | Spider:2 | XOM: smoke on damage
 51125 | Spider:1 | XOM: divination: detect creatures
 51376 | Spider:2 | XOM: summons 1 hostile shadow creature
 51588 | Spider:2 | Noticed HEYYEYAAE's ghost (adept TrBe)
 51601 | Spider:2 | XOM: 1-stop teleportation journey
 51628 | Spider:2 | XOM: polymorph ghost moth -> ghost moth
 51789 | Spider:2 | XOM: divination: magic mapping
 51943 | Spider:2 | XOM: stat loss: -1 Dex (12/13)
 51957 | Spider:2 | Noticed Agnes
 51985 | Spider:2 | Killed Agnes
 52152 | Spider:2 | XOM: polymorph tarantella -> mana viper
 52245 | Spider:2 | XOM: cast spell 'Confusing Touch'
 52250 | Spider:2 | XOM: divination: detect creatures
 52396 | Spider:1 | XOM is BORED!
 52396 | Spider:1 | XOM: mild Erth miscast
 52470 | Spider:2 | XOM: 1-stop teleportation journey
 52592 | Spider:2 | XOM: god gift: meat ration
 52695 | Spider:2 | XOM: divine lightning
 52742 | Spider:2 | XOM: scenery: create altars
 52834 | Spider:2 | XOM: smoke on damage
 52992 | Spider:1 | XOM: scenery: create altars
 53212 | Spider:1 | XOM: silly message
 53428 | Spider:3 | XOM: stat loss: -1 Str (14/17)
 53471 | Spider:3 | XOM: medium Conj miscast
 53501 | Spider:2 | XOM: repel stairs
 53507 | Spider:2 | XOM: give mutations
 53507 | Spider:2 | Gained mutation: You are robust. (+10% HP) [Xom's grace]
 53507 | Spider:2 | Gained mutation: You have a pair of large horns on your head. [Xom's grace]
 53507 | Spider:2 | Gained mutation: You possess an exceptional clarity of mind. [Xom's grace]
 53507 | Spider:2 | Gained mutation: Your spells are a little harder to cast, but a little more powerful. [Xom's grace]
 53510 | Spider:2 | XOM: confuse monster(s)
 53512 | Spider:2 | XOM: noise
 54072 | Spider:2 | XOM: silly message
 54076 | Spider:2 | Learned a level 7 spell: Delayed Fireball
 54082 | Spider:2 | Learned a level 5 spell: Fireball
 54088 | Spider:2 | Learned a level 4 spell: Passage of Golubria
 54094 | Spider:2 | XOM: enchant monster (bad)
 54097 | Spider:2 | XOM: confuse monster(s)
 54133 | Spider:2 | XOM: potion effect (heal wounds)
 54155 | Spider:2 | Killed HEYYEYAAE's ghost
 54158 | Spider:2 | XOM: noise
 54349 | Spider:3 | XOM: god gift: wand of flame {god gift}
 54353 | Spider:3 | XOM: harmless Hex miscast
 54494 | Spider:3 | XOM: summons 1 hostile shadow creature
 54697 | Spider:3 | XOM: enchant monster (bad)
 54700 | Spider:3 | XOM: summons friendly iron imp
 55344 | Spider:3 | XOM: mild Tmut miscast
 55429 | Spider:3 | XOM: harmless Air miscast
 55530 | Spider:3 | XOM: fog
 56032 | Spider:3 | Reached XP level 18. HP: 182/182 MP: 29/29
 56340 | Shoals:1 | Entered Level 1 of the Shoals
 56366 | Shoals:1 | XOM: cast spell 'Summon Small Mammal'
 56374 | Shoals:1 | XOM: harmless Necr miscast
 56520 | Shoals:1 | Got a crude lapis lazuli ring
 56522 | Shoals:1 | Identified the ring of the Jester {+Fly Str+4 Dex+2 SInv} (You found it on level 1 of the Shoals)
 56597 | Shoals:1 | XOM: medium Pois miscast
 56904 | Shoals:1 | XOM: cast spell 'Summon Small Mammal'
 56995 | Shoals:1 | XOM: cast spell 'Cause Fear'
 57702 | Shoals:1 | XOM: divination: detect creatures
 58160 | Shoals:2 | XOM: confuse monster(s)
 58446 | Shoals:2 | XOM: medium Erth miscast
 58533 | Shoals:2 | XOM: 2-stop teleportation journey
 58556 | Shoals:2 | XOM: noise
 58578 | Shoals:2 | Noticed Polyphemus
 58582 | Shoals:2 | Killed Polyphemus
 58594 | Shoals:2 | XOM: mild Fire miscast
 59082 | Shoals:2 | XOM: noise
 59191 | Shoals:2 | XOM: confuse monster(s)
 59944 | Shoals:3 | XOM: mild Necr miscast
 59955 | Shoals:3 | Reached skill level 15 in Fire Magic
 60190 | Shoals:3 | XOM: 1-stop teleportation journey
 60240 | Shoals:3 | Found Kixidduu's Gadget Shop.
 60339 | Shoals:3 | Noticed Ilsuiw
 60464 | Shoals:3 | XOM: 1-stop teleportation journey
 60565 | Shoals:2 | XOM: harmless Divn miscast
 60573 | Shoals:2 | XOM: give mutation
 60573 | Shoals:2 | Lost mutation: You are highly resistant to hostile enchantments. (MR++) [Xom's mischief]
 60664 | Shoals:3 | XOM: confuse monster(s)
 60674 | Shoals:3 | Killed Ilsuiw
 60831 | Shoals:3 | XOM: harmless Erth miscast
 60924 | Shoals:3 | XOM: summons friendly quasit
 61112 | Shoals:3 | XOM: cloud trail
 61180 | Shoals:3 | XOM: harmless Erth miscast
 61428 | Shoals:4 | Entered Level 4 of the Shoals
 61653 | Shoals:4 | XOM: harmless Fire miscast
 61696 | Shoals:4 | XOM: silly message
 61990 | Shoals:4 | XOM: divination: magic mapping
 62008 | Shoals:4 | XOM: divination: magic mapping
 62175 | Shoals:4 | XOM: harmless Pois miscast
 62257 | Shoals:4 | XOM: god gift: 20 gold pieces
 62264 | Shoals:4 | XOM: divination: magic mapping
 62326 | Shoals:4 | XOM: medium Conj miscast
 62560 | Shoals:4 | XOM: chaos cloud
 62593 | Shoals:4 | XOM: mild Summ miscast
 62837 | Shoals:4 | XOM: polymorph merfolk javelineer -> catoblepas
 63004 | Shoals:4 | XOM: give mutations
 63004 | Shoals:4 | Lost mutation: You have sharp fingernails. [Xom's mischief]
 63004 | Shoals:4 | Lost mutation: Your tail ends in a wickedly sharp and poisonous barb. [Xom's mischief]
 63004 | Shoals:4 | Lost mutation: Your flesh is heat resistant. (rF+) [Xom's mischief]
 63089 | Shoals:4 | XOM: summons friendly white imp
 63090 | Shoals:4 | XOM: noise
 63153 | Shoals:4 | Reached XP level 19. HP: 123/191 MP: 12/30
 63158 | Shoals:4 | XOM: cleaving
 63171 | Shoals:4 | XOM: noise
 63222 | Shoals:4 | XOM: give mutation
 63222 | Shoals:4 | Lost mutation: Your tail ends in a sharp poisonous barb. [Xom's mischief]
 63653 | Shoals:4 | XOM: give mutations
 63653 | Shoals:4 | Lost mutation: You are resistant to hostile enchantments. (MR+) [Xom's mischief]
 63653 | Shoals:4 | Lost mutation: Your spells are a little harder to cast, but a little more powerful. [Xom's mischief]
 63653 | Shoals:4 | Lost mutation: Your large and strong wings let you fly indefinitely. [Xom's mischief]
 63665 | Shoals:4 | XOM: stat loss: -1 Str (16/17)
 63670 | Shoals:4 | Got a flickering jade amulet
 63674 | Shoals:4 | Identified the amulet "Ohiph" {Gourm Fragile +Inv rF+} (You found it on level 4 of the Shoals)
 63746 | Shoals:4 | Got a barnacled rune of Zot
 63944 | Shoals:4 | Learned a level 2 spell: Shroud of Golubria
 64014 | Shoals:2 | XOM: cast spell 'Summon Butterflies'
 64093 | Spider:4 | Entered Level 4 of the Spider Nest
 64170 | Spider:3 | XOM: scenery: create altars
 64746 | Spider:4 | XOM: harmless Tmut miscast
 64792 | Spider:4 | XOM: enchant monster (good)
 64857 | Spider:4 | XOM: polymorph emperor scorpion -> minotaur
 64859 | Spider:4 | XOM: fog
 65162 | Spider:4 | XOM: enchant monster (good)
 65273 | Spider:3 | Reached skill level 15 in Conjurations
 65339 | Spider:3 | XOM: mild Conj miscast
 65415 | Spider:3 | XOM: scenery: create altars
 65677 | Spider:3 | XOM: confuse monster(s)
 66081 | Spider:3 | XOM: confuse monster(s)
 66112 | Spider:3 | XOM: mild Summ miscast
 66309 | Spider:3 | XOM: 4-stop teleportation journey
 66350 | Spider:3 | XOM: polymorph emperor scorpion -> emperor scorpion
 66507 | Spider:3 | XOM: summons 4 hostile demons
 66554 | Spider:1 | Reached skill level 5 in Translocations
 66610 | Spider:1 | XOM: give mutations
 66610 | Spider:1 | Gained mutation: You passively map the area around you. [Xom's grace]
 66610 | Spider:1 | Gained mutation: You are very robust. (+20% HP) [Xom's grace]
 66610 | Spider:1 | Gained mutation: You can translocate small distances at will. [Xom's grace]
 66610 | Spider:1 | Gained mutation: You regenerate. [Xom's grace]
 66717 | Spider:1 | XOM: god gift: 11 royal jellies
 66788 | Spider:4 | XOM: 1-stop teleportation journey
 66930 | Spider:2 | XOM: polymorph emperor scorpion -> storm dragon
 67224 | Spider:2 | XOM: give mutations
 67224 | Spider:2 | Gained mutation: Your spells are a little harder to cast, but a little more powerful. [Xom's grace]
 67224 | Spider:2 | Gained mutation: You are agile. (Dex +2) [Xom's grace]
 67375 | Spider:4 | XOM: give mutations
 67375 | Spider:4 | Gained mutation: Your spells are harder to cast, but more powerful. [Xom's grace]
 67375 | Spider:4 | Gained mutation: Your large and strong wings let you fly indefinitely. [Xom's grace]
 67375 | Spider:4 | Gained mutation: Your tail ends in a sharp poisonous barb. [Xom's grace]
 67375 | Spider:4 | Gained mutation: You are very agile. (Dex +4) [Xom's grace]
 67401 | Spider:4 | XOM: scenery: create altars
 67448 | Spider:4 | XOM: blink monster(s)
 67750 | Spider:4 | XOM: scenery: create altars
 67751 | Spider:4 | XOM: fog
 67765 | Spider:3 | XOM: scenery: create altars
 67766 | Spider:3 | XOM: blink monster(s)
 67770 | Spider:3 | XOM: noise
 67902 | Spider:4 | XOM: polymorph orb spider -> dream sheep
 68039 | Spider:4 | XOM: harmless Divn miscast
 68350 | Spider:4 | Got a gossamer rune of Zot
 68365 | Spider:4 | XOM: cast spell 'Alistair's Intoxication'
 68370 | Spider:4 | XOM: harmless Air miscast
 68555 | D:10     | XOM: divination: detect creatures
 68603 | Vaults:1 | Entered Level 1 of the Vaults
 69502 | Vaults:1 | Noticed Nikola
 69550 | D:13     | XOM: potion effect (agility)
 69662 | D:13     | XOM: potion effect (magic)
 69666 | D:13     | Killed Nikola
 69668 | D:13     | Got a pair of spiked gloves
 69697 | D:13     | Identified the cursed +0 pair of gloves "Sotrop" {rPois Regen+} (You took it off Nikola on level 13 of the Dungeon)
 69875 | Vaults:1 | XOM: potion effect (berserk rage)
 69919 | Vaults:1 | XOM: 1-stop teleportation journey
 69957 | Vaults:1 | XOM: scenery: 1 doors open
 69967 | Vaults:1 | XOM: swap monsters
 69971 | Vaults:1 | XOM: divine lightning
 69990 | Vaults:1 | XOM: swap monsters
 69991 | Vaults:1 | XOM: cast spell 'Summon Small Mammal'
 70011 | Vaults:1 | XOM: cast spell 'Call Canine Familiar'
 70029 | Vaults:1 | XOM: divination: detect creatures
 70275 | Vaults:1 | XOM: cast spell 'Summon Ice Beast'
 70287 | Vaults:1 | XOM: polymorph ice beast -> tengu
 70321 | Vaults:1 | XOM: enchant monster (good)
 70534 | Vaults:1 | Found Gehoiluw's Jewellery Shoppe.
 71095 | Vaults:1 | XOM: summons 4 hostile shadow creatures
 71453 | Vaults:1 | XOM: summons 15 friendly demons
 71605 | D:13     | XOM: enchant monster (good)
 71690 | D:13     | XOM: swap monsters
 71704 | D:13     | Reached XP level 20. HP: 220/220 MP: 25/31
 72172 | Vaults:1 | XOM: polymorph deep elf mage -> sea snake
 72416 | Vaults:1 | XOM: give mutation
 72416 | Vaults:1 | Lost mutation: Your tail ends in a sharp poisonous barb. [Xom's mischief]
 72607 | Vaults:1 | XOM: give mutation
 72607 | Vaults:1 | Lost mutation: Your muscles are strong. (Str +2) [Xom's mischief]
 73035 | Vaults:1 | XOM: summons 2 hostile demons
 73068 | Vaults:1 | XOM: mild Erth miscast
 73076 | Vaults:1 | XOM: chaos cloud
 73452 | Vaults:1 | XOM: medium Conj miscast
 73649 | Vaults:1 | XOM: summons 8 hostile demons
 73912 | Vaults:1 | XOM: chaos cloud
 74048 | Vaults:2 | XOM: summons 10 hostile demons
 74055 | Vaults:2 | XOM: 1-stop teleportation journey
 74060 | Vaults:2 | XOM: noise
 74067 | Vaults:2 | XOM: divination: magic mapping
 74079 | Vaults:2 | XOM: summons friendly shadow imp
 74099 | Vaults:2 | XOM: summons 2 friendly demons
 74116 | Vaults:2 | XOM: confuse monster(s)
 74120 | Vaults:2 | XOM: summons friendly crimson imp
 74227 | Vaults:2 | XOM: god gift: phantom mirror
 74270 | Vaults:2 | XOM: cast spell 'Summon Hydra'
 74479 | Vaults:2 | XOM: scenery: 1 doors close
 74497 | Vaults:2 | XOM: scenery: 1 doors close
 74537 | Vaults:2 | XOM: scenery: create altars
 74600 | Vaults:2 | XOM: god gift: meat ration
 74605 | Vaults:2 | XOM: cloud trail
 74761 | Vaults:2 | XOM: polymorph orc warrior -> ogre
 74842 | Vaults:2 | XOM: god gift: pair of transparent gloves {god gift}
 74843 | Vaults:2 | Got a pair of transparent gloves {god gift}
 74854 | Vaults:2 | Identified the +0 pair of gloves "Jaleneh" {rCorr Dex+2 Stlth+} (Xom gifted it to you on level 2 of the Vaults)
 74919 | Vaults:2 | XOM: cast spell 'Summon Horrible Things'
 74925 | Vaults:2 | XOM: god gift: 2 tomahawks of returning
 75721 | Vaults:2 | XOM: 1-stop teleportation journey
 75726 | Vaults:2 | XOM: medium Tmut miscast
 75733 | Vaults:2 | XOM: blink monster(s)
 75739 | Vaults:2 | Paralysed by a great orb of eyes for 2 turns
 75779 | Vaults:2 | XOM: fog
 75790 | Vaults:2 | XOM: summons 10 hostile demons
 75832 | Vaults:1 | XOM: chaos upgrade
 75863 | Vaults:2 | XOM: harmless Conj miscast
 76179 | Vaults:2 | XOM: medium Ice miscast
 76389 | Vaults:2 | XOM: swap monsters
 76397 | Vaults:2 | XOM: summons 1 hostile shadow creature
 76631 | Vaults:2 | XOM: medium Hex miscast
 76824 | Vaults:2 | XOM: destruction
 76834 | Vaults:2 | XOM: mild Tmut miscast
 77080 | Vaults:2 | XOM: give mutations
 77080 | Vaults:2 | Lost mutation: You are very robust. (+20% HP) [Xom's mischief]
 77080 | Vaults:2 | Lost mutation: You possess an exceptional clarity of mind. [Xom's mischief]
 77080 | Vaults:2 | Lost mutation: You can translocate small distances at will. [Xom's mischief]
 77080 | Vaults:2 | Lost mutation: You are very agile. (Dex +4) [Xom's mischief]
 77354 | Vaults:2 | XOM: torment (105/207 hp)
 77388 | Vaults:2 | XOM: harmless Necr miscast
 77517 | Vaults:2 | XOM: repel stairs
 77526 | Vaults:2 | XOM: medium Divn miscast
 77558 | Vaults:3 | XOM: scenery: 1 doors open
 77653 | Vaults:2 | XOM: mild Pois miscast
 77766 | Vaults:2 | XOM: polymorph yaktaur -> harpy
 77776 | Vaults:3 | XOM: divination: magic mapping
 77900 | Vaults:3 | XOM: potion effect (haste)
 77905 | Vaults:3 | XOM: divination: detect creatures
 77905 | Vaults:3 | XOM: smoke on damage
 77906 | Vaults:3 | XOM: divination: detect items
 78321 | Vaults:3 | Found a staircase to the Crypt.
 78364 | Vaults:3 | XOM: cloud trail
 78535 | Vaults:3 | XOM: potion effect (berserk rage)
 78807 | Vaults:3 | XOM: harmless Conj miscast
 78967 | Vaults:3 | XOM: potion effect (invisibility)
 78983 | Vaults:3 | XOM: enchant monster (good)
 78991 | Vaults:3 | XOM: enchant monster (good)
 79014 | Vaults:2 | XOM: divination: magic mapping
 79019 | Vaults:2 | XOM: summons 3 friendly demons
 79216 | Vaults:3 | Reached XP level 21. HP: 188/217 MP: 32/32
 79231 | Vaults:3 | XOM: confuse monster(s)
 79347 | Vaults:3 | XOM: repel stairs
 79431 | Vaults:3 | XOM: noise
 79465 | Vaults:3 | XOM: silly message
 79482 | Vaults:3 | XOM: stat loss: -1 Str (14/15)
 79904 | Vaults:3 | XOM: give mutations
 79904 | Vaults:3 | Lost mutation: Your system is resistant to poisons. (rPois) [Xom's mischief]
 79904 | Vaults:3 | Lost mutation: You have claws for feet. [Xom's mischief]
 79904 | Vaults:3 | Lost mutation: Your tail ends in a poisonous barb. [Xom's mischief]
 79965 | Vaults:1 | XOM: harmless Hex miscast
 80038 | Orc:2    | Bought a +2 pair of boots of running for 581 gold pieces
 80325 | Vaults:3 | XOM: enchant monster (good)
 80502 | Vaults:3 | XOM is BORED!
 80515 | Vaults:3 | XOM: confuse monster(s)
 80518 | Vaults:3 | XOM: summons 3 friendly demons
 80526 | Vaults:3 | XOM: summons friendly shadow imp
 80532 | Vaults:3 | XOM: summons 4 friendly demons
 80698 | Vaults:3 | XOM: god gift: meat ration
 80869 | Vaults:3 | XOM: summons 16 friendly demons
 81066 | Vaults:3 | XOM: swap monsters
 81249 | Vaults:3 | XOM: harmless Necr miscast
 81309 | Vaults:4 | XOM: chaos upgrade
 81315 | Vaults:4 | Noticed a golden dragon
 81315 | Vaults:4 | a vault warden changed into a golden dragon
 81315 | Vaults:4 | XOM: polymorph vault warden -> golden dragon
 81646 | Vaults:3 | XOM: chaos upgrade
 81796 | Vaults:3 | XOM: give mutations
 81796 | Vaults:3 | Lost mutation: You have razor-sharp toenails. [Xom's mischief]
 81796 | Vaults:3 | Lost mutation: You are robust. (+10% HP) [Xom's mischief]
 81819 | Vaults:3 | XOM: blink monster(s)
 82014 | Vaults:4 | XOM: mild Tloc miscast
 82131 | Vaults:4 | XOM: summons 3 friendly demons
 82134 | Vaults:4 | XOM: destruction
 82419 | Vaults:4 | XOM: harmless Chrm miscast
 82525 | Vaults:4 | XOM: stat loss: -1 Dex (15/16)
 82547 | Vaults:4 | XOM: confusion
 82564 | Vaults:4 | XOM: medium Conj miscast
 82754 | Vaults:4 | XOM: cleaving
 82977 | Vaults:4 | XOM: scenery: create altars
 83233 | Vaults:4 | XOM: confusion
 83444 | Vaults:4 | XOM: summons friendly quasit
 83571 | Vaults:4 | XOM: silly message
 83583 | Vaults:4 | XOM: enchant monster (bad)
 83589 | Vaults:4 | Killed a golden dragon
 83730 | Vaults:4 | XOM: summons 2 hostile shadow creatures
 84069 | Vaults:4 | XOM: fog
 84102 | Vaults:4 | XOM: god gift: potion of curing
 84230 | Vaults:4 | XOM: potion effect (haste)
 84291 | Vaults:4 | XOM: summons 2 friendly demons
 84647 | Vaults:4 | XOM: scenery: 3 doors close
 84750 | Vaults:4 | XOM: potion effect (berserk rage)
 84838 | Vaults:4 | XOM: confuse monster(s)
 84978 | Vaults:4 | XOM: potion effect (agility)
 84990 | Vaults:4 | XOM: mild Divn miscast
 84992 | Vaults:4 | XOM: polymorph deep elf mage -> hippogriff
 85066 | Vaults:4 | XOM: chaos upgrade
 85099 | Vaults:4 | XOM: harmless Summ miscast
 85121 | Vaults:4 | XOM: enchant monster (good)
 85403 | Vaults:4 | XOM: fog
 85572 | Vaults:4 | XOM: summons 4 friendly demons
 85816 | Depths:1 | Entered Level 1 of the Depths
 85816 | Depths:1 | Found a one-way gate leading to the halls of Pandemonium.
 85874 | D:15     | XOM: cast spell 'Summon Mana Viper'
 85896 | D:15     | XOM: confusion (+ monsters)
 85908 | D:15     | XOM: confuse monster(s)
 86036 | D:15     | XOM: summons 7 friendly demons
 86164 | D:15     | XOM: confuse monster(s)
 86180 | D:15     | XOM: repel stairs
 86225 | Depths:1 | XOM: summons friendly crimson imp
 86249 | Depths:1 | XOM: divination: detect items
 86249 | Depths:1 | XOM: smoke on damage
 86359 | Depths:1 | Reached XP level 22. HP: 206/209 MP: 33/33
 86554 | Depths:1 | XOM: mild Tloc miscast
 86568 | Depths:1 | XOM: confusion (+ monsters)
 86577 | Depths:1 | XOM: summons 10 friendly demons
 86586 | Depths:1 | XOM: scenery: create altars
 86593 | Depths:1 | XOM: cast spell 'Chain of Chaos'
 86669 | Depths:1 | Noticed Mara
 86672 | Depths:1 | Noticed CypherZel's illusion
 86673 | Depths:1 | XOM: summons 4 friendly demons
 86676 | Depths:1 | XOM: cast spell 'Dispersal'
 86697 | Depths:1 | XOM: summons 2 friendly demons
 86706 | Depths:1 | XOM: 3-stop teleportation journey
 86740 | Depths:1 | XOM: stat loss: -1 Dex (15/16)
 86856 | Depths:1 | XOM: god gift: morningstar {god gift}
 86861 | Depths:1 | Noticed Mara
 86861 | Depths:1 | Mara changed into Mara the hellephant
 86861 | Depths:1 | XOM: polymorph Mara -> Mara the hellephant
 86864 | Depths:1 | XOM: mild Chrm miscast
 86870 | Depths:1 | XOM: summons 1 hostile demon
 86902 | Depths:1 | Noticed CypherZel's illusion
 86907 | Depths:1 | XOM: confuse monster(s)
 87144 | Depths:1 | Found a gateway to Hell.
 87174 | Depths:1 | XOM: summons 1 friendly demon
 87475 | Depths:1 | XOM: fog
 87486 | Depths:1 | XOM: cast spell 'Summon Butterflies'
 87521 | Depths:2 | XOM: summons 10 hostile demons
 87699 | Depths:1 | XOM: medium Necr miscast
 87727 | Depths:1 | Noticed Mara
 87727 | Depths:1 | Mara the hellephant changed into Mara the juggernaut
 87727 | Depths:1 | XOM: polymorph Mara the hellephant -> Mara the juggernaut
 87753 | Depths:1 | XOM: summons 6 friendly demons
 87779 | Depths:1 | Killed Mara the juggernaut
 87813 | Depths:1 | XOM: summons friendly iron imp
 88537 | Depths:2 | XOM: enchant monster (good)
 88540 | Depths:2 | XOM: polymorph warg -> swamp drake
 88593 | Depths:2 | XOM: god gift: scroll of enchant weapon
 88598 | Depths:2 | XOM: fog
 88735 | Depths:1 | XOM: swap monsters
 88939 | Depths:2 | XOM: 1-stop teleportation journey
 88947 | Depths:2 | XOM: destruction
 89184 | Depths:2 | XOM: god gift: 22 stones
 89357 | Depths:1 | XOM: cleaving
 89410 | Depths:1 | XOM: fog
 89438 | Depths:2 | XOM: smoke on damage
 89566 | Depths:2 | XOM: summons friendly shadow imp
 89570 | Depths:2 | XOM: fog
 89876 | Depths:2 | XOM: smoke on damage
 89883 | Depths:2 | XOM: swap monsters
 89886 | Depths:2 | XOM: confuse monster(s)
 90098 | Depths:1 | XOM: divination: detect items
 90415 | Depths:3 | XOM: enchant monster (bad)
 90527 | Depths:2 | XOM: blink monster(s)
 90564 | Depths:2 | XOM: confuse monster(s)
 90643 | Depths:2 | XOM: mild Pois miscast
 90844 | Depths:2 | XOM: scenery: 1 doors close
 90923 | Depths:2 | Reached skill level 10 in Translocations
 90923 | Depths:2 | Reached XP level 23. HP: 215/215 MP: 20/34
 91048 | Depths:2 | XOM: confuse monster(s)
 91087 | Depths:2 | XOM: fake destruction
 91110 | Depths:2 | Cast into level 2 of the Abyss (hell knight)
 91280 | Abyss:2  | XOM: cloud trail
 91336 | Abyss:2  | XOM: cast spell 'Shadow Creatures'
 91373 | Abyss:2  | XOM: enchant monster (good)
 91422 | Abyss:2  | Paralysed by accursed screaming for 1 turns
 91426 | Abyss:2  | Found a corrupted altar of Lugonu.
 91539 | Abyss:2  | XOM: scenery: create altars
 91606 | Abyss:2  | XOM: divination: magic mapping
 91623 | Abyss:2  | XOM: polymorph large abomination -> freezing wraith
 91641 | Abyss:2  | XOM: scenery: create altars
 91866 | Abyss:2  | XOM: divine lightning
 91873 | Abyss:2  | XOM: destruction
 91887 | Abyss:2  | XOM: enchant monster (good)
 91939 | Abyss:2  | XOM: polymorph ynoxinul -> hell beast
 92041 | Abyss:2  | XOM: confuse monster(s)
 92084 | Abyss:2  | Paralysed by accursed screaming for 2 turns
 92092 | Abyss:2  | Paralysed by accursed screaming for 1 turns
 92096 | Abyss:2  | XOM: cleaving
 92132 | Abyss:2  | Paralysed by accursed screaming for 1 turns
 92241 | Depths:2 | Escaped the Abyss
 92535 | Depths:2 | XOM: enchant monster (bad)
 92551 | Depths:2 | Reached skill level 15 in Dodging
 92564 | Depths:2 | XOM: give mutations
 92564 | Depths:2 | Lost mutation: You are agile. (Dex +2) [Xom's mischief]
 92564 | Depths:2 | Lost mutation: You have a pair of large horns on your head. [Xom's mischief]
 92564 | Depths:2 | Lost mutation: Your spells are harder to cast, but more powerful. [Xom's mischief]
 92564 | Depths:2 | Lost mutation: You have sharp toenails. [Xom's mischief]
 92618 | Depths:2 | XOM: scenery: 1 doors close
 92785 | Depths:2 | XOM: summons 11 friendly demons
 92841 | Depths:3 | XOM: confuse monster(s)
 93122 | Depths:2 | XOM: harmless Air miscast
 93216 | Depths:3 | XOM: cast spell 'Conjure Ball Lightning'
 93241 | Depths:2 | XOM: give mutation
 93241 | Depths:2 | Lost mutation: Your spells are a little harder to cast, but a little more powerful. [Xom's mischief]
 93375 | Depths:3 | XOM: blink monster(s)
 93379 | Depths:2 | XOM: enchant monster (bad)
 93628 | Depths:2 | XOM: harmless Ice miscast
 93675 | Depths:3 | XOM: scenery: create altars
 93679 | Depths:3 | XOM: polymorph slime creature -> merfolk
 93713 | Depths:2 | XOM: silly message
 93758 | Depths:2 | Upgraded the game from 0.19-a0-1907-gcff654f to 0.19-a0-1908-g43c011f
 93768 | D:15     | XOM: medium Hex miscast
 93906 | Depths:2 | XOM: confuse monster(s)
 93990 | Depths:3 | XOM: blink monster(s)
 94012 | Depths:3 | XOM: potion effect (heal wounds)
 94160 | D:15     | XOM: divination: magic mapping
 94332 | Orc:2    | Bought a manual of Shields for 1324 gold pieces
 94485 | Depths:4 | XOM: divination: detect creatures
 94540 | Depths:3 | XOM: enchant monster (bad)
 94745 | Depths:3 | Reached skill level 5 in Shields
 94891 | Depths:3 | XOM: harmless Ice miscast
 94916 | Depths:3 | XOM: severe Erth miscast
 95036 | Depths:3 | XOM: noise
 95138 | Depths:3 | XOM: cast spell 'Summon Small Mammal'
 95199 | Depths:3 | XOM: polymorph iron troll -> azure jelly
 95212 | Depths:3 | Reached XP level 24. HP: 211/224 MP: 34/34
 95299 | Depths:2 | Noticed an ancient lich
 95304 | Depths:2 | XOM: cleaving
 95321 | Depths:2 | Killed an ancient lich
 95466 | Depths:3 | Noticed Boris
 95575 | Depths:3 | XOM: cast spell 'Necromutation'
 95606 | Depths:3 | XOM: blink monster(s)
 95790 | Depths:3 | XOM: give mutations
 95790 | Depths:3 | Lost mutation: You are somewhat resistant to further mutation. [Xom's mischief]
 95790 | Depths:3 | Lost mutation: You regenerate. [Xom's mischief]
 95800 | Depths:3 | XOM: noise
 95913 | Depths:3 | XOM: harmless Air miscast
 95919 | Depths:3 | Killed Boris
 95919 | Depths:3 | Reached skill level 10 in Shields
 96023 | Depths:3 | XOM: mild Summ miscast
 96108 | Depths:3 | XOM: mild Erth miscast
 96277 | Depths:2 | XOM: 2-stop teleportation journey
 96303 | Depths:2 | XOM: medium Pois miscast
 96331 | Depths:2 | XOM: 5-stop teleportation journey
 96369 | Depths:2 | Reached XP level 25. HP: 192/231 MP: 7/34
 96384 | Depths:2 | XOM: noise
 96412 | Depths:2 | XOM: silly message
 96478 | Depths:2 | XOM: mild Tloc miscast
 96495 | Depths:2 | XOM: mild Pois miscast
 96550 | Depths:2 | XOM: scenery: 1 doors close
 96921 | Depths:2 | XOM: summons 3 friendly demons
 97413 | Depths:3 | XOM: give mutations
 97413 | Depths:3 | Gained mutation: You are weak. (Str -2) [Xom's mischief]
 97413 | Depths:3 | Gained mutation: You are very weak. (Str -4) [Xom's mischief]
 97413 | Depths:3 | Lost mutation: You passively map the area around you. [Xom's mischief]
 97431 | Depths:3 | XOM: medium Ice miscast
 97550 | Depths:3 | XOM: cast spell 'Summon Small Mammal'
 97552 | Depths:3 | XOM: divination: detect items
 97579 | Depths:3 | XOM: enchant monster (bad)
 97828 | D:14     | XOM: harmless Ice miscast
 97874 | Depths:4 | XOM: harmless Pois miscast
 97914 | Depths:3 | XOM: potion effect (haste)
 97957 | Depths:3 | XOM: silly message
 98175 | Depths:3 | Reached skill level 10 in Long Blades
 98430 | Depths:3 | XOM: divination: detect items
 98493 | Depths:3 | XOM: mild Fire miscast
 98642 | Depths:4 | XOM: harmless Pois miscast
 98978 | Depths:4 | XOM: god gift: potion of flight
 99149 | Depths:3 | XOM: enchant monster (good)
 99303 | Depths:2 | XOM: scenery: 1 doors close
 99340 | Depths:3 | XOM: confuse monster(s)
 99491 | Depths:4 | XOM: divination: magic mapping
 99580 | Depths:3 | XOM: fog
 99663 | Depths:3 | XOM: god gift: potion of curing
 99695 | Depths:4 | XOM: summons friendly white imp
 99896 | Depths:4 | XOM: mild Pois miscast
 99897 | Depths:4 | XOM: noise
 99907 | Depths:3 | XOM: harmless Summ miscast
 99930 | Depths:3 | XOM: polymorph fire giant -> acid blob
100131 | Depths:3 | XOM: summons 11 friendly demons
100270 | Depths:3 | Learned a level 7 spell: Ring of Flames
100296 | Depths:4 | XOM: harmless Summ miscast
100414 | Depths:4 | XOM: potion effect (curing)
100946 | Depths:4 | XOM: scenery: 1 doors close
101172 | Depths:4 | Reached skill level 10 in Charms
101283 | Depths:4 | Found a one-way gate to the infinite horrors of the Abyss.
101493 | Depths:4 | XOM: summons friendly white imp
101842 | Depths:4 | XOM: god gift: sack of spiders
101856 | Depths:4 | XOM: fake destruction
101865 | Depths:4 | XOM: summons friendly white imp
102108 | Depths:4 | XOM: harmless Pois miscast
102165 | Depths:4 | Found Napnueq's Magic Scroll Shop.
102172 | Depths:4 | Bought a scroll of enchant weapon for 165 gold pieces
102172 | Depths:4 | Bought a scroll of enchant weapon for 165 gold pieces
102172 | Depths:4 | Bought a scroll of enchant weapon for 165 gold pieces
102468 | Depths:4 | XOM: mild Hex miscast
102486 | Depths:4 | XOM: blink monster(s)
102490 | Depths:4 | XOM: confusion (+ monsters)
102916 | Depths:4 | XOM: noise
103047 | Depths:4 | XOM: potion effect (might)
103079 | Depths:4 | XOM: harmless Necr miscast
103085 | Depths:4 | Noticed a juggernaut
103088 | Depths:4 | XOM: potion effect (might)
103092 | Depths:4 | XOM: scenery: 2 doors close
103098 | Depths:4 | XOM: summons friendly ice devil
103121 | Depths:4 | XOM: summons 13 friendly demons
103124 | Depths:4 | XOM: swap monsters
103178 | Depths:4 | Killed a juggernaut
103199 | Depths:3 | XOM: medium Hex miscast
103327 | Depths:4 | XOM: harmless Erth miscast
103358 | Depths:4 | XOM: harmless Pois miscast
103646 | Depths:5 | XOM: stealth player
103646 | Depths:5 | Entered Level 5 of the Depths
103700 | Depths:4 | XOM: harmless Divn miscast
103742 | Depths:4 | XOM: repel stairs
103785 | Depths:5 | XOM: harmless Tmut miscast
103945 | Depths:5 | XOM: stat loss: -1 Dex (13/14)
103947 | Depths:5 | XOM: smoke on damage
104337 | Depths:4 | XOM: divination: detect creatures
104467 | Depths:5 | XOM: give mutation
104467 | Depths:5 | Gained mutation: You can translocate small distances at will. [Xom's grace]
104701 | Depths:5 | Reached XP level 26. HP: 235/239 MP: 0/35
104875 | Depths:5 | XOM: summons 12 friendly demons
105118 | Depths:4 | XOM: give mutations
105118 | Depths:4 | Gained mutation: Your spells are a little harder to cast, but a little more powerful. [Xom's grace]
105118 | Depths:4 | Gained mutation: You are resistant to hostile enchantments. (MR+) [Xom's grace]
105118 | Depths:4 | Gained mutation: You are agile. (Dex +2) [Xom's grace]
105120 | Depths:4 | Lost mutation: You are resistant to hostile enchantments. (MR+) [potion of cure mutation]
105120 | Depths:4 | Lost mutation: You are agile. (Dex +2) [potion of cure mutation]
105120 | Depths:4 | Lost mutation: You can translocate small distances at will. [potion of cure mutation]
105120 | Depths:4 | Lost mutation: Your spells are a little harder to cast, but a little more powerful. [potion of cure mutation]
105120 | Depths:4 | Lost mutation: Your large and strong wings let you fly indefinitely. [potion of cure mutation]
105120 | Depths:4 | Lost mutation: You have a pair of horns on your head. [potion of cure mutation]
105120 | Depths:4 | Lost mutation: You have a pair of small horns on your head. [potion of cure mutation]
105830 | Depths:4 | XOM: butterfly on damage
105833 | Depths:4 | XOM: cast spell 'Metabolic Englaciation'
105980 | Depths:3 | XOM: scenery: create altars
106083 | Depths:5 | XOM: enchant monster (good)
106475 | Depths:5 | Noticed a juggernaut
106633 | Depths:4 | XOM: scenery: create altars
106686 | Depths:4 | XOM: cleaving
107110 | Depths:4 | XOM: summons friendly ice devil
107329 | Depths:4 | XOM: fog
107331 | Depths:4 | XOM: summons friendly iron imp
107459 | Depths:5 | XOM: potion effect (invisibility)
107470 | Depths:5 | XOM: confuse monster(s)
107596 | Depths:5 | Found a gateway to a ziggurat.
107596 | Depths:5 | XOM: 5-stop teleportation journey
107620 | Depths:5 | XOM: god gift: 58 gold pieces
107632 | Depths:5 | XOM: enchant monster (good)
107640 | Depths:5 | XOM: polymorph golden dragon -> acid blob
107642 | Depths:4 | XOM: noise
108125 | Depths:5 | XOM: cast spell 'Confusing Touch'
108127 | Depths:5 | XOM: mild Necr miscast
108234 | Depths:4 | XOM: silly message
108651 | Depths:4 | XOM: torment (105/239 hp)
108789 | Depths:4 | XOM: confuse monster(s)
108952 | Depths:4 | XOM: harmless Tmut miscast
109133 | Depths:5 | XOM: chaos upgrade
109135 | Depths:4 | XOM: cast spell 'Dragon Form'
109141 | Depths:4 | Paralysed by an infernal demonspawn for 6 turns
109142 | Depths:4 | XOM: repel stairs
109145 | Depths:4 | XOM: medium Tmut miscast
109317 | Depths:5 | XOM: torment (113/239 hp)
109987 | Depths:4 | XOM: scenery: create altars
110012 | Depths:4 | XOM: cleaving
110139 | Depths:4 | XOM: summons 9 hostile demons
110247 | Depths:5 | XOM: scenery: 3 doors close
110417 | Depths:5 | XOM: 1-stop teleportation journey
110443 | Depths:5 | XOM: summons 2 friendly demons
110464 | Depths:5 | XOM: summons 3 friendly demons
110485 | Depths:5 | XOM: potion effect (brilliance)
110602 | Depths:5 | Found a gate to the Realm of Zot.
110602 | Depths:5 | XOM: polymorph mottled draconian scorcher -> stone giant
110604 | Depths:5 | XOM: destruction
110624 | Depths:5 | XOM: polymorph red draconian -> four-headed hydra
110685 | Depths:5 | XOM: fog
110717 | Depths:4 | Reached skill level 15 in Charms
110872 | Depths:5 | XOM: scenery: 1 doors close
110904 | Depths:5 | XOM: summons 2 friendly demons
110929 | Depths:5 | XOM: polymorph ufetubus -> quasit
111146 | Depths:5 | XOM: summons 16 friendly demons
111288 | Depths:5 | XOM: polymorph green death -> something unseen
111550 | Depths:4 | XOM: give mutations
111550 | Depths:4 | Gained mutation: You are frail. (-10% HP) [Xom's mischief]
111550 | Depths:4 | Gained mutation: Scrolls take you a little longer to read. [Xom's mischief]
111550 | Depths:4 | Gained mutation: You expend magic power (3 MP) to strengthen your wands. [Xom's mischief]
111551 | Depths:4 | Lost mutation: You are covered in fur. (AC +1) [potion of cure mutation]
111551 | Depths:4 | Lost mutation: You heal very quickly. [potion of cure mutation]
111551 | Depths:4 | Lost mutation: You are frail. (-10% HP) [potion of cure mutation]
111551 | Depths:4 | Lost mutation: Scrolls take you a little longer to read. [potion of cure mutation]
111686 | Depths:5 | XOM: scenery: 1 doors close
111688 | Depths:5 | Reached skill level 10 in Spellcasting
112021 | Depths:5 | Killed a juggernaut
112245 | Depths:5 | XOM: noise
112564 | Depths:5 | XOM: scenery: 1 doors close
112679 | Depths:5 | XOM: harmless Conj miscast
113081 | Depths:5 | XOM: harmless Pois miscast
113112 | Depths:5 | XOM: medium Divn miscast
113176 | D:15     | XOM: mild Conj miscast
113243 | Elf:1    | Entered Level 1 of the Elven Halls
113254 | Elf:1    | XOM: cast spell 'Olgreb's Toxic Radiance'
113417 | Elf:1    | XOM: enchant monster (good)
113514 | Elf:1    | XOM: confusion (+ monsters)
113736 | D:15     | XOM: summons 5 hostile demons
113748 | D:15     | XOM: summons 1 hostile shadow creature
113824 | Depths:2 | XOM: cast spell 'Hydra Form'
113902 | D:13     | XOM: scenery: create altars
114106 | Elf:1    | XOM: 1-stop teleportation journey
114184 | Elf:1    | XOM: scenery: 1 doors open
114476 | Elf:1    | XOM: cast spell 'Spider Form'
114513 | Elf:1    | XOM: summons 4 hostile demons
114519 | Elf:1    | XOM: destruction
114575 | Elf:1    | XOM: scenery: 2 doors open
114835 | Elf:1    | XOM: confuse monster(s)
114916 | Elf:1    | XOM: god gift: glaive {god gift}
115129 | Elf:1    | XOM: god gift: wand of hasting {god gift}
115646 | Elf:2    | XOM: confusion (+ monsters)
115786 | Elf:1    | XOM: summons 1 hostile demon
116100 | Elf:2    | XOM: 1-stop teleportation journey
116107 | Elf:2    | XOM: polymorph deep elf mage -> water nymph
116137 | Elf:2    | XOM: harmless Fire miscast
116511 | Elf:2    | XOM: god gift: bread ration
116563 | Elf:2    | Found a runed gate.
116563 | Elf:2    | Found a runed gate.
116563 | Elf:2    | Found a runed gate.
116632 | Elf:2    | XOM: harmless Summ miscast
116831 | Elf:2    | XOM: 3-stop teleportation journey
116838 | Elf:2    | XOM: confuse monster(s)
116854 | Elf:2    | XOM: blink monster(s)
116855 | Elf:2    | XOM: mild Divn miscast
116858 | Elf:2    | XOM: cast spell 'Death Channel'
116861 | Elf:2    | XOM: fake destruction
116863 | Elf:2    | XOM: enchant monster (good)
116867 | Elf:2    | XOM: harmless Conj miscast
116958 | Elf:2    | XOM: 4-stop teleportation journey
116959 | Elf:2    | XOM: confuse monster(s)
116969 | Elf:2    | XOM: summons friendly white imp
116972 | Elf:2    | XOM: fake destruction
116973 | Elf:2    | XOM: summons friendly ufetubus
116992 | Elf:2    | Reached XP level 27. HP: 166/246 MP: 9/37
117000 | Elf:2    | XOM: divination: detect items
117001 | Elf:2    | XOM: fog
117031 | Elf:2    | XOM: polymorph deep elf mage -> moth of wrath
117036 | Elf:2    | XOM: chaos upgrade
117296 | Elf:2    | XOM: give mutations
117296 | Elf:2    | Gained mutation: Your mind is acute. (Int +2) [Xom's grace]
117296 | Elf:2    | Gained mutation: You have sharp toenails. [Xom's grace]
117296 | Elf:2    | Gained mutation: You evolve. [Xom's grace]
117779 | Lair:1   | XOM: mild Pois miscast
117848 | D:10     | XOM: stat loss: -1 Int (23/24)
117857 | D:10     | Gained mutation: Your spells are a little harder to cast, but a little more powerful. [evolution]
117934 | Elf:3    | Entered Level 3 of the Elven Halls
117934 | Elf:3    | Noticed Leszczynek's ghost (adept OgWr)
117937 | Elf:2    | XOM: cloud trail
117986 | Elf:2    | XOM: divination: magic mapping
117995 | Elf:2    | XOM: cleaving
117999 | Elf:2    | XOM: smoke on damage
118034 | Elf:1    | XOM: give mutations
118034 | Elf:1    | Gained mutation: You passively map the area around you. [Xom's grace]
118034 | Elf:1    | Lost mutation: You evolve. [Xom's grace]
118034 | Elf:1    | Gained mutation: You are somewhat resistant to further mutation. [Xom's grace]
118121 | Elf:1    | XOM: divination: detect creatures
118136 | Elf:1    | XOM: give mutations
118136 | Elf:1    | Lost mutation: You are very weak. (Str -4) [Xom's grace]
118136 | Elf:1    | Gained mutation: You have razor-sharp toenails. [Xom's grace]
118136 | Elf:1    | Lost mutation: You are weak. (Str -2) [Xom's grace]
118370 | Lair:3   | XOM: 2-stop teleportation journey
118484 | Slime:1  | Entered Level 1 of the Pits of Slime
118496 | Lair:5   | XOM: god gift: glowing battleaxe {god gift}
118567 | Lair:5   | XOM: god gift: scratched glass ring {god gift}
118734 | Slime:1  | XOM: fog
118914 | Slime:1  | XOM: torment (124/246 hp)
119264 | Slime:1  | XOM: 1-stop teleportation journey
119278 | Slime:1  | XOM: 4-stop teleportation journey
119287 | Slime:1  | XOM: summons 1 hostile shadow creature
119661 | Slime:1  | XOM: swap monsters
119680 | Slime:1  | XOM: repel stairs
119830 | Slime:2  | Found a viscous altar of Jiyva.
119921 | Slime:2  | XOM: mild Erth miscast
120225 | Slime:2  | XOM: scenery: create altars
120661 | Slime:4  | XOM: divination: magic mapping
120859 | Slime:5  | Entered Level 5 of the Pits of Slime
121113 | Slime:5  | Noticed the Royal Jelly
121113 | Slime:5  | XOM: divination: magic mapping
121121 | Slime:5  | XOM: summons 12 friendly demons
121128 | Slime:5  | XOM: 7-stop teleportation journey
121562 | Slime:4  | XOM: divination: detect items
121590 | Slime:4  | XOM: divination: detect items
121683 | Slime:4  | Gained mutation: You are frail. (-10% HP) [a shining eye]
121685 | Slime:4  | Gained mutation: You are very frail. (-20% HP) [a shining eye]
121691 | Slime:4  | Lost mutation: You are very frail. (-20% HP) [potion of cure mutation]
121691 | Slime:4  | Lost mutation: You are frail. (-10% HP) [potion of cure mutation]
121691 | Slime:4  | Lost mutation: Your mind is acute. (Int +2) [potion of cure mutation]
121691 | Slime:4  | Lost mutation: You have razor-sharp toenails. [potion of cure mutation]
121758 | Slime:4  | XOM: 2-stop teleportation journey
121944 | Slime:4  | XOM: god gift: rapier {god gift}
121976 | Slime:4  | XOM: smoke on damage
122092 | Slime:5  | XOM: polymorph acid blob -> shadow dragon
122464 | Slime:5  | Killed the Royal Jelly
122923 | Slime:5  | XOM: enchant monster (good)
122951 | Slime:4  | XOM: harmless Fire miscast
122993 | Slime:5  | XOM: smoke on damage
123025 | Slime:4  | XOM: give mutation
123025 | Slime:4  | Gained mutation: Your spells are harder to cast, but more powerful. [Xom's grace]
123078 | Slime:4  | XOM: scenery: create altars
123176 | Slime:4  | XOM: 5-stop teleportation journey
123216 | Slime:4  | XOM: give mutations
123216 | Slime:4  | Gained mutation: Your tail ends in a poisonous barb. [Xom's grace]
123216 | Slime:4  | Gained mutation: Your spells are much harder to cast, but much more powerful. [Xom's grace]
123217 | Slime:4  | Lost mutation: Your spells are much harder to cast, but much more powerful. [potion of cure mutation]
123217 | Slime:4  | Lost mutation: Your spells are harder to cast, but more powerful. [potion of cure mutation]
123217 | Slime:4  | Lost mutation: Your tail ends in a poisonous barb. [potion of cure mutation]
123217 | Slime:4  | Lost mutation: You have sharp toenails. [potion of cure mutation]
123217 | Slime:4  | Lost mutation: Your spells are a little harder to cast, but a little more powerful. [potion of cure mutation]
123217 | Slime:4  | Lost mutation: You expend magic power (3 MP) to strengthen your wands. [potion of cure mutation]
123758 | Slime:4  | XOM: swap monsters
123802 | Slime:4  | XOM: torment (114/240 hp)
124127 | Slime:5  | XOM: summons 13 hostile demons
124242 | Slime:5  | Gained mutation: You occasionally shout uncontrollably at your foes. [a shining eye]
124244 | Slime:5  | Gained mutation: You are dopey. (Int -2) [a shining eye]
124247 | Slime:5  | Gained mutation: Your body sometimes deteriorates upon taking damage. [a shining eye]
124269 | Slime:5  | Got a slimy rune of Zot
124294 | Slime:5  | XOM: polymorph acid blob -> caustic shrike
124296 | Slime:5  | XOM: harmless Tmut miscast
124581 | Slime:5  | XOM: repel stairs
124649 | Slime:4  | XOM: confuse monster(s)
124759 | Slime:4  | XOM: confusion (+ monsters)
124939 | Slime:2  | XOM: give mutations
124939 | Slime:2  | Lost mutation: You are somewhat resistant to further mutation. [Xom's mischief]
124939 | Slime:2  | Lost mutation: You are dopey. (Int -2) [Xom's mischief]
125365 | Zot:1    | Entered Level 1 of the Realm of Zot
125515 | Zot:1    | Learned a level 3 spell: Regeneration
125654 | Zot:1    | XOM: noise
125666 | Zot:1    | XOM: enchant monster (bad)
125719 | Depths:5 | XOM: fog
126252 | Depths:5 | XOM: medium Tmut miscast
126630 | Depths:5 | XOM: blink monster(s)
126854 | Zot:1    | XOM: swap monsters
126857 | Zot:1    | XOM: polymorph white draconian zealot -> dire elephant
126869 | Depths:5 | XOM: cleaving
126985 | Depths:4 | XOM: noise
127110 | Depths:5 | XOM: potion effect (heal wounds)
127184 | Depths:5 | XOM: divination: detect items
127249 | Depths:4 | XOM: noise
127253 | Depths:4 | XOM: torment (47/246 hp)
127524 | Depths:5 | XOM: divination: detect items
127651 | Depths:5 | XOM: silly message
127661 | Depths:5 | XOM: polymorph green draconian monk -> iron troll
127910 | Zot:1    | XOM: enchant monster (bad)
128237 | Zot:1    | XOM: confuse monster(s)
128238 | Zot:1    | XOM: cleaving
128241 | Zot:1    | XOM: harmless Fire miscast
128369 | Depths:5 | XOM: confuse monster(s)
128582 | Depths:5 | XOM: harmless Necr miscast
128881 | Zot:1    | XOM: divination: magic mapping
129118 | Zot:1    | XOM: silly message
129119 | Zot:1    | XOM: cast spell 'Summon Small Mammal'
129162 | Depths:5 | XOM: silly message
129490 | Depths:5 | XOM: harmless Ice miscast
129547 | Zot:1    | XOM: potion effect (agility)
129682 | Depths:5 | XOM: potion effect (berserk rage)
129705 | Depths:5 | XOM: divination: magic mapping
129732 | Depths:5 | XOM: harmless Tmut miscast
130136 | Depths:5 | XOM: fake destruction
130352 | Depths:5 | XOM: polymorph golden dragon -> iron giant
130708 | Zot:1    | XOM: enchant monster (bad)
130788 | Depths:5 | XOM: smoke on damage
130931 | Zot:1    | XOM: harmless Pois miscast
131004 | Zot:1    | XOM: god gift: scroll of acquirement
131302 | Zot:1    | XOM: chaos upgrade
131374 | Zot:1    | XOM: harmless Erth miscast
131810 | Zot:1    | XOM: noise
131927 | Zot:1    | XOM: enchant monster (good)
132004 | Zot:1    | XOM: god gift: 4 tomahawks of dispersal
132152 | Zot:2    | XOM: divination: detect creatures
132304 | Zot:2    | XOM: harmless Necr miscast
132394 | Zot:2    | XOM: confuse monster(s)
132531 | Zot:2    | XOM: give mutation
132531 | Zot:2    | Gained mutation: You have sharp toenails. [Xom's mischief]
132539 | Zot:2    | XOM: fog
132552 | Zot:2    | XOM: swap monsters
132556 | Zot:2    | XOM: potion effect (haste)
132740 | Zot:2    | XOM: god gift: book of Maledictions
132885 | Zot:2    | XOM: enchant monster (good)
132911 | Zot:1    | XOM: give mutations
132911 | Zot:1    | Gained mutation: Your skin changes colour to match your surroundings (Stealth+). [Xom's grace]
132911 | Zot:1    | Gained mutation: You have razor-sharp toenails. [Xom's grace]
132911 | Zot:1    | Gained mutation: You have an increased reservoir of magic. (+10% MP) [Xom's grace]
133236 | Zot:2    | XOM: divination: detect creatures
133244 | Zot:1    | XOM: divination: detect items
133524 | Zot:1    | XOM: harmless Conj miscast
133852 | Zot:1    | XOM: harmless Necr miscast
133898 | Zot:1    | XOM: noise
133902 | Zot:1    | XOM: divination: detect items
134113 | Zot:1    | XOM: enchant monster (good)
134249 | Zot:1    | XOM: give mutation
134249 | Zot:1    | Gained mutation: You evolve. [Xom's grace]
134352 | Zot:1    | XOM: divination: detect creatures
134514 | Zot:1    | XOM: god gift: 22 gold pieces
134642 | Zot:1    | XOM: harmless Pois miscast
134679 | Zot:1    | XOM: cloud trail
134709 | Zot:1    | XOM: noise
135132 | Depths:5 | XOM: medium Ice miscast
135171 | Depths:5 | XOM: harmless Tmut miscast
135500 | Zot:1    | XOM: enchant monster (good)
135507 | Zot:1    | XOM: polymorph white draconian -> queen ant
135559 | Zot:1    | XOM: silly message
135820 | Zot:1    | XOM: scenery: create altars
136370 | Zot:1    | XOM: mild Divn miscast
136407 | Zot:1    | XOM: swap monsters
136437 | Zot:1    | XOM: harmless Conj miscast
136476 | Zot:2    | XOM: enchant monster (good)
136692 | Zot:2    | Reached skill level 15 in Spellcasting
136996 | Zot:2    | XOM: confuse monster(s)
137037 | Zot:2    | XOM: enchant monster (bad)
137098 | Zot:2    | Lost mutation: You occasionally shout uncontrollably at your foes. [evolution]
137531 | Zot:2    | XOM: 4-stop teleportation journey
137550 | Zot:2    | XOM: medium Summ miscast
137901 | Zot:2    | XOM: scenery: create altars
137923 | Zot:2    | XOM: god gift: translucent ring mail {god gift}
137960 | Zot:2    | XOM: cleaving
138247 | Zot:3    | XOM: potion effect (agility)
138365 | Zot:3    | XOM: harmless Divn miscast
138429 | Zot:3    | XOM: cloud trail
138477 | Zot:3    | XOM: fake destruction
138541 | Zot:3    | XOM: scenery: create altars
138545 | Zot:3    | XOM: divination: detect creatures
138672 | Zot:3    | XOM: scenery: create altars
138947 | Zot:3    | XOM: mild Necr miscast
139323 | Zot:2    | XOM: scenery: create altars
139463 | Zot:4    | XOM: scenery: 1 fountains blood, 1 doors close
140030 | Zot:4    | XOM: noise
140785 | Zot:4    | XOM: summons 10 friendly demons
140856 | Zot:4    | XOM: scenery: create altars
141087 | Zot:4    | XOM: 6-stop teleportation journey
141096 | Zot:4    | XOM: 1-stop teleportation journey
141106 | Zot:4    | XOM: cast spell 'Dragon Form'
141112 | Zot:4    | XOM: fake destruction
141122 | Zot:4    | XOM: 3-stop teleportation journey
141129 | Zot:4    | Gained mutation: You are weak. (Str -2) [a neqoxec]
141135 | Zot:4    | XOM: enchant monster (good)
141138 | Zot:4    | XOM: scenery: create altars
141140 | Zot:5    | Entered Level 5 of the Realm of Zot
141141 | Zot:5    | XOM: noise
141148 | Zot:5    | HP: 18/553 [deathcap/drain life[a curse toe] (11)]
141149 | Zot:5    | HP: 8/369 [poisoned by a green draconian]
141149 | Zot:5    | XOM: 3-stop teleportation journey
141169 | Zot:4    | XOM: chaos upgrade
141171 | Zot:4    | HP: 15/369 [white draconian/mace of draining (10)]
141172 | Zot:4    | Killed from afar by a yellow draconian knight

Vault maps used:
D:1:      scummos_arrival_star, wad_floor_pattern_untrapped,
          minmay_misc_feat_enclosed, serial_bayou_lagoon_a, st_stairs_8
D:2:      uniq_robin, uniq_jessica
D:4:      minitemple
D:5:      first_bread, xom_redecorated, uniq_duvessa
D:7:      uniq_pikel, uniq_joseph
D:9:      lightli_temple_of_fire, erik_lair_orcish_takeover
D:11:     david_nohive_1, lightli_minifort, uniq_urug, uniq_nergalle
D:12:     minmay_orc_entry_guard_dogs, grunt_ministairs_5, uniq_gastronok,
          uniq_maurice
D:13:     hangedman_cross_cluster, david_vaults_3, jmf_multi_god_temple2
D:14:     minmay_misc_feat_alley, basic_altar, serial_shops,
          nicolae_shop_behind_doors, nicolae_shop_stone,
          nicolae_shop_window_shopping, shop,
          nicolae_shop_competitors_out_of_business
D:15:     grunt_enter_depths_giant_problem, serial_shops, shop, shop,
          serial_park_gazebo, minmay_misc_feat_secret_circle,
          lemuel_blue_sif_altar, uniq_louise
Temple:   hc_temple_tempest_star
Lair:1:   lab_entry_generic
Lair:2:   minmay_shoals_entry_centaurs, nicolae_spider_entry_non_spiders,
          serial_bayou_lake_a
Lair:4:   beast_lair_carwin_5
Lair:5:   slime_dummy
Lair:6:   cheibrodos_lair_end_hotspot, nicolae_volcano_entry_two_sided
Shoals:1: nicolae_shoals_water_elemental_grotto
Shoals:2: uniq_polyphemus
Shoals:3: serial_shops, shop, uniq_ilsuiw
Shoals:4: shoals_end_grunt_ice, shoals_ilsuiw_alternative
Spider:1: spider_trap, uniq_aizul
Spider:2: nicolae_spider_mines_3, uniq_agnes
Spider:3: mumra_spider_spiderweb
Spider:4: grunt_spider_rune_circles, nicolae_orb_island
Slime:2:  basic_altar
Slime:4:  cheibrodos_slime_lost_civilization_4
Orc:2:    kennysheep_orc_mage_school, serial_shops, nicolae_shop_statue_plus,
          shop_fountains, shop, shop_statue
Elf:1:    minivault_28, spider_trap, roderic_lattice_octagonal_star
Elf:2:    hex_tiny
Elf:3:    grunt_elf_hall_diamonds, uniq_saint_roka, uniq_jorgrun
Vaults:1: nicolae_vaults_meeting, v_rooms_2, v_misc_24,
          vaults_room_grunt_arrival_ludios, grunt_vaults_hallway_short,
          nicolae_vaults_ring_of_whatevers, v_pattern_3, v_rooms_3,
          vaults_dpeg_diagonal, hangedman_vaults_restitches, serial_shops, shop,
          uniq_nikola
Vaults:2: nicolae_vaults_inception_scallops, ontoclasm_vaults_gateway,
          v_misc_14, v_misc_13, grunt_vaults_hallway_short,
          hangedman_vaults_nails, ontoclasm_vaults_shuriken, v_misc_22,
          v_misc_32, ontoclasm_vaults_spin, hangedman_vaults_trim, v_misc_17,
          nicolae_vaults_border_crossing, hangedman_vaults_trim,
          vaults_room_pool
Vaults:3: minmay_crypt_entry_vampire_xt, nicolae_vaults_network_barrier,
          v_misc_29, nicolae_vaults_stairing_the_circle,
          nicolae_vaults_bisected_slash, hangedman_vaults_stagger,
          vaults_room_grid, nicolae_vaults_little_squares_2, grunt_vaults_focal,
          vaults_dpeg_ring, ontoclasm_vaults_twist,
          nicolae_vaults_mini_display_case, ontoclasm_vaults_chip,
          nicolae_vaults_shelves_hall
Vaults:4: v_misc_15, ontoclasm_vaults_ring_square,
          hangedman_vaults_stretched_pinwheel, v_misc_3,
          nicolae_vaults_alarming, nicolae_vaults_ring_of_whatevers,
          nicolae_vaults_circle_grid_a, v_pattern_5, vaults_dpeg_hooks,
          ontoclasm_vaults_pinch, v_misc_2
Depths:1: hell_entry, pan_entry, nrook_loot_triangle, grunt_decor_one_mirror,
          basic_loot_grate_trap, uniq_mara
Depths:2: lemuel_river_lethe, hell_entry
Depths:3: kennysheep_ambush_hall, grunt_mini_vestibule, pan_entry,
          infiniplex_staircase_diamond, uniq_boris
Depths:4: giant_chief_lemuel, abyss_entry, serial_bayou_pond_c,
          pf_hell_entry_tar_spiral, serial_shops, shop, kennysheep_inner_square
Depths:5: evilmike_zot_entry_basic, enter_ziggurat_f,
          grunt_pan_entry_in_and_out, hell_entry, kennysheep_random_hallway
Zot:2:    lemuel_draconian_sentries
Zot:3:    grunt_zot_stairs_overgrown, st_stairs_6
Zot:4:    grunt_zot_stairs_mandelzot, guppyfry_library_mini
Zot:5:    st_stairs_13
Abyss:2:  hangedman_abyss_or_decor_slice, hangedman_abyss_or_decor_passed

Skill      XL: |  1  2  3  4  5  6  7  8  9 10 11 12 13 14 15 16 17 18 19 20 21 22 23 24 25 26 27 |
---------------+----------------------------------------------------------------------------------+-----
Long Blades    | 4 5 7 8 9 11 13 14 | 14.0
Fighting       | 4 5 7 8 9 11 12 13 15 16 17 19 20 | 20.0
Dodging        | 3 5 7 8 10 12 14 15 16 | 16.5
Conjurations   | 5 6 8 10 12 14 15 17 20 | 20.7
Fire Magic     | 5 6 7 10 11 16 18 19 20 | 20.4
Charms         | 5 7 9 12 15 | 15.0
Spellcasting   | 1 4 5 7 8 10 16 | 16.4
Hexes          | 4 |  4.0
Short Blades   | 8 |  8.7
Shields        | 2 4 7 12 13 | 13.6
Translocations | 2 6 10 | 10.2

Action                   |  1- 3 |  4- 6 |  7- 9 | 10-12 | 13-15 | 16-18 | 19-21 | 22-24 | 25-27 || total
-------------------------+-------+-------+-------+-------+-------+-------+-------+-------+-------++-------
Melee: Falchion          |   169 |   246 |    26 |       |       |       |       |       |       ||   441
       Tailslap          |    14 |    22 |    59 |    98 |   215 |   372 |   788 |   459 |  1013 ||  3040
       Unarmed           |     5 |       |       |       |       |       |     7 |       |    66 ||    78
       Club              |       |       |   383 |   407 |       |       |       |       |       ||   790
       Kick              |       |       |    49 |     4 |   323 |   746 |  1038 |       |       ||  2160
       Headbutt          |       |       |     1 |   140 |   256 |   483 |  1074 |   671 |   360 ||  2985
       Great sword       |       |       |       |   210 |   458 |       |       |       |       ||   668
       Quick blade       |       |       |       |       |   642 |  2304 |  3835 |  2354 |  2946 || 12081
       Scimitar          |       |       |       |       |       |       |       |       |  2543 ||  2543
       Bite              |       |       |       |       |       |       |       |       |     6 ||     6
 Cast: Magic Dart        |       |       |    79 |   334 |   222 |    66 |    34 |     4 |    31 ||   770
       Conjure Flame     |       |       |     8 |    13 |    13 |       |       |       |       ||    34
       Dazzling Spray    |       |       |       |    58 |   242 |   160 |    74 |     8 |     3 ||   545
       Iskenderun's Batt |       |       |       |     9 |    99 |    31 |    46 |    22 |    40 ||   247
       Iskenderun's Myst |       |       |       |    31 |   216 |    26 |       |       |       ||   273
       Repel Missiles    |       |       |       |     1 |     5 |    10 |     9 |     5 |    16 ||    46
       Blink             |       |       |       |       |     5 |     9 |    24 |       |    52 ||    90
       Bolt of Fire      |       |       |       |       |     1 |    53 |   224 |   104 |   335 ||   717
       Fireball          |       |       |       |       |       |     2 |       |     7 |       ||     9
       Delayed Fireball  |       |       |       |       |       |       |     8 |     3 |     8 ||    19
       Shroud of Golubri |       |       |       |       |       |       |     7 |       |     1 ||     8
       Ring of Flames    |       |       |       |       |       |       |       |       |    54 ||    54
       Regeneration      |       |       |       |       |       |       |       |       |     1 ||     1
       Passage of Golubr |       |       |       |       |       |       |       |       |     1 ||     1
 Abil: Breathe Steam     |       |       |    34 |    67 |    55 |    12 |     6 |     5 |    22 ||   201
       Blink             |       |       |     5 |     5 |    19 |       |       |       |       ||    29
       Fly               |       |       |     1 |       |       |       |     1 |       |     1 ||     3
       Release Delayed F |       |       |       |       |       |       |     8 |     3 |     1 ||    12
       Stop Flying       |       |       |       |       |       |       |       |       |     1 ||     1
Evoke: Wand              |       |       |       |     2 |     1 |       |       |     3 |    32 ||    38
  Use: Scroll            |     1 |     6 |     6 |    18 |    18 |     9 |    17 |     4 |    39 ||   118
       Potion            |       |     5 |       |     1 |     4 |     3 |     9 |    10 |    28 ||    60
 Stab: Confused          |     1 |     1 |       |     1 |       |     3 |    13 |     6 |     5 ||    30
       Paralysed         |     2 |     6 |     1 |     5 |       |       |       |     1 |       ||    15
       Sleeping          |       |     2 |       |       |       |     1 |     1 |       |     2 ||     6
       Invisible         |       |       |       |     2 |    39 |    38 |    42 |       |     1 ||   122
       Petrified         |       |       |       |       |     1 |       |     2 |       |       ||     3
       Distracted        |       |       |       |       |     1 |       |     1 |       |     3 ||     5
       Held in net/web   |       |       |       |       |       |     1 |       |       |       ||     1
       Petrifying        |       |       |       |       |       |       |     4 |       |       ||     4
  Eat: Chunk             |     2 |    11 |    24 |    49 |    79 |    63 |    84 |    39 |   249 ||   600
       Fruit             |       |     2 |     5 |     3 |    10 |       |     2 |       |     3 ||    25
       Royal jelly       |       |       |     1 |     6 |    12 |       |    11 |       |     1 ||    31
       Bread ration      |       |       |     1 |     2 |    13 |     3 |     6 |     1 |     4 ||    30
       Pizza             |       |       |     1 |     2 |       |     2 |     1 |       |     1 ||     7
       Beef jerky        |       |       |       |       |     3 |     5 |     2 |     2 |     4 ||    16
       Meat ration       |       |       |       |       |       |     2 |    10 |     9 |     4 ||    25
Armor: Skin              |    25 |    55 |   149 |   294 |   347 |   397 |   557 |   300 |  1441 ||  3565
Dodge: Dodged            |    67 |   131 |   376 |   620 |  1040 |   831 |  1406 |   698 |  2965 ||  8134
       Deflected         |       |       |       |       |    22 |    31 |    64 |    28 |    85 ||   230
Block: Other             |       |       |       |    14 |   145 |     6 |       |       |       ||   165
       Reflection        |       |       |       |       |     5 |    65 |   112 |    59 |       ||   241
       Buckler           |       |       |       |       |       |   610 |  1067 |   475 |  1688 ||  3840
       Rpst.: Falchion   |    21 |    41 |     6 |       |       |       |       |       |       ||    68
       Great sword       |       |       |       |    71 |   187 |       |       |       |       ||   258
       Scimitar          |       |       |       |       |       |       |       |       |   348 ||   348
